 Dungeon Crawl Stone Soup version 0.31-a0-986-g5e6e4ef867 (webtiles) character file.

Game seed: 1558913741510412073

1818721 Skeral the Wrestler (level 25, 361/361 HPs)
             Began as a Troll Artificer on Nov 9, 2023.
             Was the Champion of Ru.
             Escaped with the Orb
             ... and 3 runes on Nov 10, 2023!
             The game lasted 04:20:08 (59605 turns).

Skeral the Wrestler (Troll Artificer)              Turns: 59605, Time: 04:20:09

Health: 361/361    AC: 33    Str: 27    XL:     25   Next: 87%
Magic:  23/23      EV: 21    Int:  7    God:    Ru [******]
Gold:   3342       SH: 19    Dex: 19    Spells: 18/34 levels left

rFire   + +          +
                       - Unarmed
rCold   + + +        c - +2 shield of Resistance {rF++ rC++ Will++}
rNeg    + . .        M - melded +3 robe of Clouds {*Thunder rCloud rElec} rPois โˆž
                     v - +2 hood of the Assassin {Detect Stab+ Stlth++}
rElec   +            g - scarf {repulsion}
rCorr   .            (gloves unavailable)
SInv    +            (boots unavailable)
Will    ++++.        f - amulet of reflection
Stlth   ++           U - ring "Wuroukhlasah" {rF+ Will+ EV+5 Dex+3}
HPRegen 1.60/turn    Z - ring of Awe {rPois rF+ rC+ SInv}
MPRegen 0.18/turn

%: repel missiles, reflection, clarity
@: statue-form, hasted, studying 2 skills
A: slow and powerful, torment resistance 1, boosted hp, large, unfitting armour,
claws 3, regeneration 1, (shaggy fur 1), (tough skin 1), weak 1, inability to
use devices, hated by all, disrupted magic 1, unskilled 1, inexperienced 1,
clarity, deterioration 2, low MP 2, screaming 1, wild magic 1
0: Orb of Zot
}: 3/15 runes: serpentine, barnacled, silver
a: Begin Untransformation, Renounce Religion, Draw Out Power, Power Leap,
Apocalypse


You escaped.
You worshipped Ru.
Ru was exalted by your worship.
You were a living statue of rough stone.
You visited 11 branches of the dungeon, and saw 54 of its levels.
You also visited: Gauntlet, Ice Cave, Volcano and Wizlab.

You collected 8951 gold pieces.
You spent 5609 gold pieces at shops.


Innate Abilities, Weirdness & Mutations

You are a living statue of rough stone.
Your actions are slow, but your melee attacks are powerful.
You are resistant to unholy torment.
Your maximum health is greatly increased.
Your equipment is partially melded.
You are too large for most types of armour.
You are immune to poison.
You have claws for hands.
Your natural rate of healing is unusually fast.
((You are covered in fur. (AC +1)))
((You have tough skin. (AC +1)))
You are weak. (Str -2)
You cannot study or use magical devices.
You are hated by all.
Your casting is slightly disrupted.
You are somewhat unskilled. (-1 Apt)
You are somewhat inexperienced. (-1 XL)
You possess an exceptional clarity of mind.
Your body often deteriorates upon taking damage.
Your magical capacity is very low. (-20% MP)
You occasionally shout uncontrollably at your foes.
Your spells are a little harder to cast, but a little more powerful.


   Skills:
 - Level 21.0 Fighting
 + Level 15.2 Throwing
 - Level 12.0 Dodging
 - Level 0.3 Stealth
 - Level 9.1 Shields
 - Level 23.0 Unarmed Combat
 - Level 5.0 Spellcasting
 - Level 10.0 Translocations
 - Level 3.0 Transmutations
 - Level 19.5 Shapeshifting


You had 18 spell levels left.
You knew the following spells:

 Your Spells              Type           Power      Damage    Failure   Level
b - Blink                 Tloc           40%        N/A       4%          2
p - Passage of Golubria   Tloc           20%        N/A       17%         4
w - Wereblood             Tmut           7%         N/A       36%         2
X - Manifold Assault      Tloc           20%        N/A       17%         4
Y - Vhi's Electric Charg  Tloc/Air       22%        N/A       69%         4

Your spell library contained the following spells:

 Spells                   Type           Power      Damage    Failure   Level
 Lesser Beckoning         Tloc           40%        N/A       4%          2
 Gell's Gravitas          Tloc           20%        N/A       7%          3
 Teleport Other           Tloc           20%        N/A       7%          3
 Momentum Strike          Conj/Tloc      22%        3d8       19%         2
 Volatile Blastmotes      Fire/Tloc      22%        2d11      34%         3
 Sting                    Tmut/Pois      20%        1d4       43%         1
 Passwall                 Tmut/Erth      4%         N/A       54%         2
 Freeze                   Ice            8%         1d3       61%         1
 Kiss of Death            Conj/Necr      8%         2d6       61%         1
 Magic Dart               Conj           8%         1d3       61%         1
 Slow                     Hex            8%         N/A       61%         1
 Dimensional Bullseye     Hex/Tloc       5%         N/A       69%         4
 Iskenderun's Mystic Bla  Conj/Tloc      11%        2d4       69%         4
 Ensorcelled Hibernation  Hex/Ice        4%         N/A       73%         2
 Poisonous Vapours        Pois/Air       4%         N/A       73%         2
 Scorch                   Fire           4%         2d5       73%         2
 Searing Ray              Conj           4%         2d4       73%         2
 Ignite Poison            Fire/Tmut/Pois 4%         N/A       82%         3
 Dispersal                Tloc           10%        N/A       87%         6
 Confusing Touch          Hex            2%         N/A       90%         3
 Dazzling Flash           Conj/Hex       4%         N/A       90%         3
 Frozen Ramparts          Ice            4%         1d1       90%         3
 Hailstorm                Conj/Ice       2%         3d3       90%         3
 Inner Flame              Hex/Fire       2%         N/A       90%         3
 Mephitic Cloud           Conj/Pois/Air  2%         N/A       90%         3
 Ozocubu's Armour         Ice            2%         N/A       90%         3
 Sigil of Binding         Hex            2%         N/A       90%         3
 Swiftness                Air            2%         N/A       90%         3
 Vampiric Draining        Necr           2%         2d6       90%         3
 Anguish                  Hex/Necr       1%         N/A       100%        4
 Brom's Barrelling Bould  Conj/Erth      2%         2d3       100%        4
 Cause Fear               Hex            1%         N/A       100%        4
 Flame Wave               Conj/Fire      2%         2d4       100%        4
 Fulminant Prism          Conj/Hex       1%         3d5       100%        4
 Leda's Liquefaction      Hex/Erth       1%         N/A       100%        4
 Olgreb's Toxic Radiance  Pois           2%         N/A       100%        4
 Sticky Flame             Conj/Fire      2%         2d3       100%        4
 Alistair's Intoxication  Tmut/Pois      3%         N/A       100%        5
 Arcjolt                  Conj/Air       1%         1d11      100%        5
 Borgnjor's Vile Clutch   Necr/Erth      1%         N/A       100%        5
 Fireball                 Conj/Fire      1%         3d3       100%        5
 Freezing Cloud           Conj/Ice/Air   1%         6-21      100%        5
 Irradiate                Conj/Tmut      2%         3d12      100%        5
 Metabolic Englaciation   Hex/Ice        1%         N/A       100%        5
 Silence                  Hex/Air        1%         N/A       100%        5
 Eringya's Noxious Bog    Tmut/Pois      2%         4d6       100%        6
 Plasma Beam              Fire/Air       1%         2x1d11    100%        6
 Starburst                Conj/Fire      1%         6d3       100%        6
 Enfeeble                 Hex            1%         N/A       100%        7
 Ozocubu's Refrigeration  Ice            1%         4d7       100%        7
 Borgnjor's Revivificati  Necr           1%         N/A       100%        8
 Disjunction              Tloc           10%        N/A       100%        8
 Ignition                 Fire           1%         3d3       100%        8
 Lehudib's Crystal Spear  Conj/Erth      1%         10d2      100%        8
 Maxwell's Capacitive Co  Air            1%         โˆž       100%        8
 Chain Lightning          Conj/Air       1%         3d1       100%        9
 Polar Vortex             Ice            1%         N/A       100%        9
 Summon Small Mammal      Summ           Unusable   N/A       N/A         1
 Call Imp                 Summ           Unusable   N/A       N/A         2
 Sublimation of Blood     Necr           Unusable   N/A       N/A         2
 Call Canine Familiar     Summ           Unusable   N/A       N/A         3
 Summon Guardian Golem    Hex/Summ       Unusable   N/A       N/A         3
 Tukima's Dance           Hex            Unusable   N/A       N/A         3
 Summon Forest            Summ/Tloc      Unusable   N/A       N/A         5
 Summon Ice Beast         Ice/Summ       Unusable   N/A       N/A         4
 Summon Lightning Spire   Summ/Air       Unusable   N/A       N/A         4
 Summon Mana Viper        Hex/Summ       Unusable   N/A       N/A         5
 Simulacrum               Ice/Necr       Unusable   N/A       N/A         6
 Summon Cactus Giant      Summ           Unusable   N/A       N/A         6
 Haunt                    Necr/Summ      Unusable   N/A       N/A         7
 Malign Gateway           Summ/Tloc      Unusable   N/A       N/A         7
 Monstrous Menagerie      Summ           Unusable   N/A       N/A         7
 Spellforged Servitor     Conj/Summ      Unusable   N/A       N/A         7
 Summon Hydra             Summ           Unusable   N/A       N/A         7
 Summon Horrible Things   Summ           Unusable   N/A       N/A         8

Inventory:

Missiles
 i - 42 boomerangs
 l - 19 silver javelins
 m - 8 throwing nets {=f!f}
 t - 10 atropa-tipped darts
 H - 20 javelins
 I - 4 curare-tipped darts {=f}
 P - 124 large rocks (quivered) {=f}
Armour
 c - the +2 shield of Resistance (worn) {rF++ rC++ Will++}
   (You found it on level 1 of the Snake Pit)

   rF++:      It greatly protects you from fire.
   rC++:      It greatly protects you from cold.
   Will++:    It greatly increases your willpower.
 g - a scarf of repulsion (worn)
   (You found it in a wizard's laboratory)
 v - the +2 hood of the Assassin (worn) {Detect Stab+ Stlth++}
   (You acquired it on level 15 of the Dungeon)

   Detect:    It allows the wearer to sense nearby creatures.
   Stab+:     It allows the wearer to make particularly effective stabbing
   attacks against helpless or unaware enemies with any weapon.
   Stlth++:   It makes you much more stealthy.
 M - the +3 robe of Clouds (melded) {*Thunder rCloud rElec}
   (You took it off a Cloud Mage in a wizard's laboratory)

   *Thunder:  It occasionally creates storm clouds above nearby enemies.
   rCloud:    It grants its wearer immunity to clouds.
   rElec:     It insulates you from electricity.
Jewellery
 f - an amulet of reflection (around neck)
   (You bought it in a shop on level 3 of the Elven Halls)
 x - the ring of Feluosigh {rN+ Str+3 Dex+2}
   (You found it on level 3 of the Crypt)

   [ring of positive energy]

   Str+3:     It affects your strength (+3).
   Dex+2:     It affects your dexterity (+2).
   rN+:       It protects you from negative energy.
 A - the ring "Hoitod" {rF++ rC+ Int+2}
   (You took it off a fire giant on level 4 of the Vaults)

   [ring of protection from cold]

   Int+2:     It affects your intelligence (+2).
   rF++:      It greatly protects you from fire.
   rC+:       It protects you from cold.
 L - a ring of flight
   (You found it in a Gauntlet)
 N - the ring of Bumoang {rN+ Str+2 Int+3 Dex+3 Slay-2}
   (You found it on level 3 of the Crypt)

   [ring of positive energy]

   Str+2:     It affects your strength (+2).
   Int+3:     It affects your intelligence (+3).
   Dex+3:     It affects your dexterity (+3).
   Slay-2:    It affects your accuracy & damage with ranged weapons and melee
   (-2).
   rN+:       It protects you from negative energy.
 Q - the ring "Ceul" {rN+ Will+ Str-5 Int+5}
   (You took it off an ancient champion on level 3 of the Crypt)

   [ring of positive energy]

   Str-5:     It affects your strength (-5).
   Int+5:     It affects your intelligence (+5).
   rN+:       It protects you from negative energy.
   Will+:     It increases your willpower.
 R - a ring of resist corrosion
   (You found it on level 10 of the Dungeon)
 U - the ring "Wuroukhlasah" (left claw) {rF+ Will+ EV+5 Dex+3}
   (You bought it in a shop on level 2 of the Orcish Mines)

   [ring of evasion]

   EV+5:      It affects your evasion (+5).
   Dex+3:     It affects your dexterity (+3).
   rF+:       It protects you from fire.
   Will+:     It increases your willpower.
 Y - a +4 ring of slaying
   (You found it on level 8 of the Dungeon)
 Z - the ring of Awe (right claw) {rPois rF+ rC+ SInv}
   (You took it off a minotaur in a Gauntlet)

   [ring of poison resistance]

   rF+:       It protects you from fire.
   rC+:       It protects you from cold.
   rPois:     It protects you from poison SInv: It lets you see invisible.
Talismans
 n - the talisman of death of Evolution {rElec Int+2 Dex-5 Slay+4}
   (You took it off Josephina on level 2 of the Realm of Zot)

   [talisman of death]

   Int+2:     It affects your intelligence (+2).
   Dex-5:     It affects your dexterity (-5).
   Slay+4:    It affects your accuracy & damage with ranged weapons and melee
   (+4).
   rElec:     It insulates you from electricity.
 F - a granite talisman (active)
   (You took it off Roxanne on level 2 of the Elven Halls)
 T - a storm talisman
   (You bought it in a shop on level 9 of the Dungeon)
Scrolls
 a - 8 scrolls of fear
 k - 6 scrolls of poison {!r}
 p - 8 scrolls of immolation {!r!r}
 r - 9 scrolls of enchant armour
 u - 8 scrolls of vulnerability {!r!r}
 z - 20 scrolls of teleportation {@r4}
 E - 3 scrolls of identify {@r1}
 J - 3 scrolls of silence {!r}
 K - 4 scrolls of torment {!r}
 O - 8 scrolls of fog
 W - 14 scrolls of blinking {!r}
 X - 7 scrolls of noise {!r}
Potions
 b - 11 potions of haste {@q3}
 d - 5 potions of magic
 e - 13 potions of brilliance
 h - 17 potions of curing {@q1}
 j - 8 potions of lignification {!q}
 o - 11 potions of attraction {!q}
 s - 5 potions of heal wounds {@q2}
 w - 7 potions of resistance
 y - 5 potions of invisibility
 B - 10 potions of might
 C - 9 potions of berserk rage {!q}
 D - 7 potions of enlightenment
 S - 4 potions of cancellation
 V - 6 potions of ambrosia

Dungeon Overview and Level Annotations

Branches:
Dungeon (15/15)            Temple (0/1) D:7            Lair (5/5) D:11
 Shoals (4/4) Lair:2        Snake (4/4) Lair:3        Slime (4/5) Lair:5
    Orc (2/2) D:12            Elf (3/3) Orc:2        Vaults (5/5) D:13
  Crypt (3/3) Vaults:3       Tomb (0/3) Crypt:3      Depths (4/4) D:15
    Zot (5/5) Depths:4      IceCv (visited)         Volcano (visited)
 WizLab (visited)         Gauntlet (visited)

Altars:
Ashenzari
Cheibriados
Elyvilon
Gozag
Kikubaaqudgha
Qazlal
Ru
Sif Muna
Trog
Vehumet
Wu Jian
Xom
Zin
The Shining One
Lugonu

Shops:
D:5 [   D:9 *([*(   D:11 *   Orc:2 [=**[   Elf:1 !   Elf:3 :==   Shoals:1 **
Snake:2 :   Depths:1 :

Portals:
Hell: Depths:1 Depths:2 Depths:3 Depths:4
Abyss: Orc:1 Depths:3
Pandemonium: Depths:2
Ziggurat: Depths:1

Annotations:
Shoals:3 Ilsuiw
Elf:2 3 runed translucent doors
Vaults:3 2 runed translucent doors, Fotooss's ghost, adept MiDe
Crypt:1 1 runed translucent door, Igymira's ghost, veteran MiGl
Depths:3 36 runed doors
Zot:5 exclusion: obsidian statue

#..##...# ### #.#### #..##...###
#># #.#... #..####'#.## #.# #.#.##
#..####....# #.###.#...
#'##.....#.# #.#...####
####.......##.# #.#.### # #
#......#'####.#####)#.# #
######.#..#'#....#...##..#.#### #
.......####)+...8###.....#....###
.....รท.#############)###.#.......
.....................# #.##......
......(.....####...#####.##...###
..#########..# #......##....###
..'.# #...#.# #......##.#### ..#.#
#...#.###......##.#
..#.####...#..##...#####.##
###........##.............#


There were no monsters in sight!


Message History

You regained 3 hp, and now have 360/361 hp.
There is a stone staircase leading up here. ๐Ÿ˜Ž HP[+1]
Your hp is fully restored (361).
You climb upwards.
There is a stone staircase leading down here.
There is a stone staircase leading up here.
You climb upwards.
There is a stone staircase leading down here.
There is an open door here.
You yell at the great orb of eyes!
A great orb of eyes comes into view.
You eviscerate the great orb of eyes!!!
You redirect the great orb of eyes's attack!
The great orb of eyes bites itself but does no damage.
You catch the helpless great orb of eyes completely off-guard!
You eviscerate the great orb of eyes!!!!
You kill the great orb of eyes!
You see here a +2 chain mail of cold resistance.
There is a stone staircase leading up here.
You climb upwards.
There is a stone staircase leading down here.
Press: ? - help, v - describe, . - travel A stone staircase leading down.
This square is covered in magical glow.
There is a stone staircase leading up here.
You climb upwards.
There is a stone staircase leading down here.
An Orb Guardian comes into view.
You block the Orb Guardian's attack. The Orb Guardian hits you! ๐Ÿ˜• HP[-12]
You take 12 damage, and now have 349/361 hp.
You scratch the Orb Guardian but do no damage.
The Orb Guardian is stunned by your conviction and fails to attack. ๐Ÿ˜• HP[+2]
You regained 2 hp, and now have 351/361 hp.
You claw the Orb Guardian!
The Orb Guardian hits you but does no damage.
The Orb Guardian is stunned by your conviction and fails to attack. ๐Ÿ˜• HP[+2]
You regained 2 hp, and now have 353/361 hp.
You eviscerate the Orb Guardian!!!!
You kill the Orb Guardian! ๐Ÿ˜• HP[+1] ๐Ÿ˜• HP[+3]
You regained 3 hp, and now have 357/361 hp.
You sense a monster nearby. ๐Ÿ˜Ž HP[+4]
Your hp is fully restored (361).
You feel yourself speed up.
A sun demon comes into view. x2
A balrug comes into view.
It is wielding a +2 demon whip of freezing.
The balrug shouts!
The balrug gestures at you. Something smites you!
You focus your inner power and blind the balrug in retribution! ๐Ÿ˜• HP[-13]
You take 13 damage, and now have 348/361 hp.
You barely miss the sun demon. ๐Ÿ˜• HP[+1]
You eviscerate the sun demon!!!!
You kill the sun demon!
The sun demon is stunned by your conviction and fails to attack. ๐Ÿ˜• HP[+1]
The balrug is no longer blind.
The sun demon is stunned by your conviction and fails to attack. ๐Ÿ˜• HP[+1]
You closely miss the balrug. You block the sun demon's attack.
The balrug gestures at you. Something smites you! ๐Ÿ˜• HP[-10]
You take 10 damage, and now have 341/361 hp.
You mangle the balrug!!
The sun demon completely misses you. ๐Ÿ˜• HP[+1]
You eviscerate the sun demon!!!
You redirect the balrug's attack!
The balrug hits you but does no damage. ๐Ÿ˜• HP[+1]
You eviscerate the sun demon!!!!
You kill the sun demon!
You block the balrug's attack. ๐Ÿ˜• HP[+1]
You scratch the balrug. The balrug gestures at you.
The fireball explodes!
The fireball engulfs you. You resist.
The fireball engulfs the balrug.
The balrug completely resists.
You eviscerate the balrug!!!!
You kill the balrug! ๐Ÿ˜• HP[+1]
You see here a +2 demon whip of freezing. ๐Ÿ˜• HP[+2]
You regained 2 hp, and now have 347/361 hp. ๐Ÿ˜• HP[+1] ๐Ÿ˜• HP[+2]
You regained 2 hp, and now have 350/361 hp.
There is an open door here.
There is a staircase leading out of the dungeon here. ๐Ÿ˜Ž HP[+11]
Your hp is fully restored (361).
You have escaped!

Skill      XL: |  1  2  3  4  5  6  7  8  9 10 11 12 13 14 15 16 17 18 19 20 21 22 23 24 25 |
---------------+----------------------------------------------------------------------------+-----
Fighting       | 1 2 3 4 6 6 8 9 10 12 13 15 16 18 19 20 21 | 21.0
Unarmed Combat | 1 2 3 4 5 7 7 9 11 13 15 16 18 19 20 21 22 23 | 23.0
Shapeshifting  | 1 2 3 5 6 7 9 14 16 17 18 19 | 19.5
Evocations     | 0 |  0.0
Dodging        | 5 6 7 9 12 | 12.0
Throwing       | 5 6 7 10 12 15 | 15.2
Translocations | 1 2 3 5 8 9 10 | 10.0
Transmutations | 3 |  3.0
Shields        | 2 7 8 9 |  9.1
Spellcasting   | 2 4 5 |  5.0
Stealth        | |  0.3

Action                     |  1- 3 |  4- 6 |  7- 9 | 10-12 | 13-15 | 16-18 | 19-21 | 22-24 | 25-27 || total
---------------------------+-------+-------+-------+-------+-------+-------+-------+-------+-------++-------
  Melee: Unarmed           |   112 |   147 |   302 |   704 |  1328 |  1659 |  1354 |  1339 |   249 ||  7194
         Punch             |       |     1 |    11 |    23 |   114 |       |       |       |       ||   149
  Throw: Dart              |       |       |     1 |    11 |     7 |       |       |       |       ||    19
         Boomerang         |       |       |       |    22 |    60 |    45 |    14 |    41 |       ||   182
         Large rock        |       |       |       |     7 |     3 |       |       |    81 |    74 ||   165
         Throwing net      |       |       |       |     3 |     1 |     1 |       |       |       ||     5
         Javelin           |       |       |       |     2 |     7 |     6 |     5 |    11 |       ||    31
   Cast: Wereblood         |       |       |       |       |     1 |       |     1 |     1 |       ||     3
         Blink             |       |       |       |       |     1 |       |       |       |       ||     1
         Manifold Assault  |       |       |       |       |       |       |       |    71 |     9 ||    80
 Invoke: Sacrifice Skill   |       |       |     1 |       |       |       |       |       |       ||     1
         Power Leap        |       |       |       |     1 |     5 |     7 |     3 |     1 |     2 ||    19
         Sacrifice Artific |       |       |       |     1 |       |       |       |       |       ||     1
         Sacrifice Experie |       |       |       |     1 |       |       |       |       |       ||     1
         Apocalypse        |       |       |       |       |     4 |     2 |     5 |     2 |     2 ||    15
         Reject Sacrifices |       |       |       |       |     2 |       |       |       |       ||     2
         Sacrifice Purity  |       |       |       |       |     1 |       |       |       |       ||     1
         Sacrifice Essence |       |       |       |       |       |     1 |       |       |       ||     1
         Sacrifice Love    |       |       |       |       |       |     1 |       |       |       ||     1
         Draw Out Power    |       |       |       |       |       |     1 |       |       |       ||     1
  Evoke: Wand              |       |       |    10 |     9 |       |       |       |       |       ||    19
    Use: Scroll            |       |     7 |     2 |     9 |    19 |     5 |     3 |     3 |     4 ||    52
         Potion            |       |     1 |       |     1 |     6 |     1 |     2 |     1 |     7 ||    19
   Stab: Sleeping          |     1 |       |     1 |       |     9 |    24 |     7 |    13 |       ||    55
         Distracted        |       |       |       |     5 |    10 |    13 |     9 |    13 |     4 ||    54
         Invisible         |       |       |       |     3 |    11 |    12 |    15 |     4 |       ||    45
         Paralysed         |       |       |       |       |     8 |    12 |     6 |     8 |     1 ||    35
 Armour: Robe              |    77 |   106 |   302 |   500 |   794 |   847 |   454 |       |       ||  3080
         Skin              |       |       |       |       |       |       |   258 |  1042 |   180 ||  1480
  Dodge: Dodged            |    71 |    59 |   174 |   304 |   798 |   697 |   493 |   739 |   114 ||  3449
         Repelled          |       |       |       |       |       |       |     7 |    27 |    17 ||    51
  Block: Kite shield       |       |       |       |       |   188 |   821 |   752 |  1264 |   127 ||  3152
         Reflection        |       |       |       |       |       |       |    61 |    22 |    10 ||    93
   Form: Beast             |       |       |     1 |     2 |       |       |       |       |       ||     3
         Flux              |       |       |       |     2 |       |       |       |       |       ||     2
                           |       |       |       |       |     1 |       |       |       |       ||     1
         Statue            |       |       |       |       |       |       |     1 |     1 |       ||     2
         Storm             |       |       |       |       |       |       |       |     1 |       ||     1

Levels and vault maps discovered:
D:1:      dpeg_arrival_short_road, layout_basic, hex_large
D:2:      minmay_inner_zag, layout_basic,
          shapermc_ecumenical_altar_mp_urbaneastern, minmay_octomino_e4,
          uniq_jessica
D:3:      layout_basic, mainiacjoe_overflow_large_starburst
D:4:      layout_cave_pools, mainiacjoe_overflow_chevrons,
          minmay_a_box_with_orc_wizards_in_it, uniq_crazy_yiuf_cottage,
          uniq_sigmund
D:5:      layout_cave_pods, amcnicky_altar_gilded, serial_shops,
          nicolae_shop_back_alley_shop, mrwooster_statue_mirror, eino_curves_04
D:6:      layout_rooms, nicolae_ru_awakened_eye, uniq_pikel, uniq_prince_ribbit1
D:7:      layout_loops_cross, mainiacjoe_overflow_tiny_flanked,
          gammafunk_temple_overflow_elements, minmay_temple_entry_hall,
          minmay_puff
D:8:      layout_basic, lemuel_crystal_altar
D:9:      layout_layer_cave, nicolae_overflow_crystal_walls,
          jmf_multi_god_temple2, serial_shops, nicolae_shop_trees, shop, shop,
          shop, nicolae_shop_hallway_stairs
D:10:     layout_roguey
D:11:     layout_loops_cross, lair_entry_dummy, serial_shops,
          nicolae_lakefront_shop
D:12:     layout_rooms, orc_0_dummy, special_room [special_room_bee],
          elyvilon_altar_3
D:13:     layout_stronghold, hellmonk_vaults_keyhole, uniq_snorg
D:14:     layout_loops_ring, serial_ice, serial_ice_g, serial_ice_b,
          serial_ice_l, serial_ice_n, serial_ice_c, serial_ice_e, serial_ice_f,
          minmay_misc_feat_rows
D:15:     gammafunk_depths_entry_grave, layout_cave_pools, dk_noncrumbling_2,
          gauntlet_entry_generic
Lair:1:   statuecave_lemuel, layout_gridlike, grunt_forest_small_clearing_treed
Lair:2:   layout_cave_shapes, nicolae_shoals_entry_roost, portal_ice_cave_rime,
          infiniplex_staircase_pool, grunt_megastairs_5, lemuel_fruit_fields
Lair:3:   layout_hall_layers, nicolae_snake_entry_warm_welcome,
          small_statue_intersection
Lair:4:   layout_cave_pods, grunt_forest_large_clearings, lemuel_fruit_fields
Lair:5:   cheibrodos_lair_end_hotspot, layout_loops_ring, slime_entry_2,
          nicolae_volcano_entry_lava_flow, cheibrodos_lair_lostbears
Shoals:1: layout_shoals, nicolae_specific_store,
          nicolae_shoals_beach_house_on_fowls_legs
Shoals:2: layout_shoals, nicolae_shoals_secluded_bog
Shoals:3: layout_shoals, uniq_mara, uniq_ilsuiw
Shoals:4: shoals_end_simple, layout_shoals, shoal_ilsuiw, uniq_louise,
          uniq_polyphemus
Snake:1:  layout_grid_shapes, serial_bayou_shore_b, uniq_rupert
Snake:2:  layout_gridlike, basic_altar, nicolae_shop_i_like_small_books_too
Snake:3:  nicolae_snake_hallway, layout_gridlike, nicolae_snake_boneroom
Snake:4:  grunt_snake_rune_pools, layout_cave_town
Slime:1:  layout_caves
Slime:2:  layout_caves, uniq_dissolution
Slime:3:  layout_caves
Slime:4:  layout_caves
Orc:1:    layout_diamond_mine, amcnicky_altar_lugonu_corruption
Orc:2:    st_orc_town, layout_diamond_mine, basic_altar, serial_shops, shop,
          gammafunk_ghost_grave
Elf:1:    eino_elf_arrival_altar, layout_loops_corners, serial_shops,
          nicolae_shop_back_alley_shop, kennysheep_underground_church
Elf:2:    elven_hall_of_blades_hangedman_original [nicolae_blade_little_rooms],
          layout_geoelf_octagon, serial_glass, glass_columns_b, glass_columns_b,
          due_unseen_surprise, feat_on_display, feat_on_display, minivault_8,
          uniq_jorgrun, uniq_asterion, uniq_saint_roka, uniq_roxanne
Elf:3:    elf_hall, layout_gridlike, nicolae_elf_martial_mastery,
          minmay_shop_grove, uniq_bai_suzhen
Vaults:1: nicolae_vaults_double_plus_2, grunt_vaults_hallway_long,
          nicolae_vaults_two_Ls, vaults_mumra_minichess,
          nicolae_vaults_stairing_the_circle, vaults_room_grunt_arrival_ludios,
          nicolae_vaults_house_1, v_rooms_1, hangedman_vaults_locks,
          hangedman_vaults_corner_blocks, layout_vaults_omnicross, uniq_donald
Vaults:2: dpeg_vaults_monster_box, vaults_mumra_chevron,
          nicolae_vaults_cornered_office, nicolae_vaults_trapezoid_lopsided_3,
          ontoclasm_vaults_chip, nicolae_vaults_trapezoid_lopsided_3,
          vaults_mumra_lcd, nicolae_vaults_tetromino_Z_1,
          nicolae_vaults_network_quinsquares
          [nicolae_vaults_network_quincunx_subvault,
          nicolae_vaults_network_quincunx_subvault,
          nicolae_vaults_network_quincunx_subvault,
          nicolae_vaults_network_quincunx_subvault], vaults_room_pools,
          hangedman_vaults_stream, nicolae_vaults_windows_and_doors_thing,
          nicolae_vaults_tetromino_T_1, nicolae_vaults_little_squares_1,
          nicolae_vaults_trapezoid_lopsided_3, layout_vaults_maze_snakey
Vaults:3: advil_vaults_ghost_guards, v_misc_19, nicolae_vaults_diamond_2,
          minmay_crypt_entry_skeletal_spiral, vaults_room_door_hall,
          nicolae_vaults_closet_pinwheel_4, hangedman_vaults_stagger, v_misc_24,
          vaults_mumra_minichess_inversion, v_rooms_2,
          nicolae_vaults_ellipses_ellipsis, nicolae_vaults_house_1,
          nicolae_vaults_little_squares_5, nicolae_vaults_trapezoid_lopsided_1,
          vaults_room_pool, layout_vaults_omnibox
Vaults:4: hangedman_vaults_snaps, nicolae_vaults_theta, hangedman_vaults_pinch,
          ontoclasm_vaults_spin, nicolae_vaults_triangles,
          nicolae_vaults_little_squares_5, nicolae_vaults_frosty_reception,
          nicolae_vaults_angled_halls, nicolae_vaults_tetromino_T_1,
          layout_vaults_chaotic_city
Vaults:5
Crypt:1:  layout_misc_corridors, gammafunk_ghost_grave,
          small_chamber_with_monster, grunt_crypt_arrival_webbed, uniq_frederick
Crypt:2:  hangedman_staggered_hall, layout_misc_corridors
Crypt:3:  lightli_unholy_cathedral, layout_chaotic_city,
          tomb_entry_simple_bobbens, uniq_xtahua, uniq_khufu, uniq_margery
Depths:1: layout_roguey, enter_ziggurat_a, basic_altar, mu_enter_wizlab_7,
          special_room [special_room_jelly], pf_coc_iceberg,
          serial_bayou_pond_c, minmay_splitting_lines, st_stairs_13,
          nicolae_custom_books, kennysheep_generic_room_6
Depths:2: cheibrodos_leafed_vault, layout_gridlike, grunt_hell_entry_dis_mu,
          fedhas_altar_3, pan_entry, infiniplex_staircase_spiral_double,
          grunt_megastairs_4
Depths:3: hangedman_elemental_death_ray, layout_cave_pools,
          nicolae_abyss_entry_one_way_or_another, hell_entry,
          nicolae_vehumet_radiance, door_vault
Depths:4: evilmike_zot_entry_argh, layout_cave_shapes, special_room
          [special_room_mythical_zoo], hell_entry, drop_trap
Zot:1:    layout_misc_corridors, regret_index_zotdec_fiery_em, uniq_vv
Zot:2:    lemuel_draconian_sentries, layout_cathedral_of_symmetry,
          regret_index_zotdec_bone_old, uniq_josephina
Zot:3:    layout_gridlike
Zot:4:    layout_gridlike, skrybe_zot_glass_1, drop_trap,
          hangedman_zot_decor_tridents
Zot:5:    layout_cathedral_of_symmetry, guppyfry_library_mini

Notes
Turn   | Place    | Note
-------+----------+-------------------------------------------
     0 | D:1      | Skeral the Troll Artificer began the quest for the Orb.
     0 | D:1      | Reached XP level 1. HP: 18/18 MP: 0/0
     0 | D:1      | magus.rc [v1.10.3]
    46 | D:1      | Reached skill level 1 in Fighting
   118 | D:1      | Reached skill level 1 in Unarmed Combat
   120 | D:1      | Reached XP level 2. HP: 24/27 MP: 1/1
   749 | D:2      | Reached XP level 3. HP: 30/35 MP: 2/2
   806 | D:2      | Reached skill level 2 in Unarmed Combat
   903 | D:2      | Reached skill level 2 in Fighting
  1009 | D:2      | Reached XP level 4. HP: 42/42 MP: 3/3
  1284 | D:2      | Noticed Jessica
  1293 | D:2      | Killed Jessica
  1590 | D:2      | Found a faded altar of an unknown god.
  1645 | D:3      | Identified the "Moocharu"
  1649 | D:3      | Found a broken altar of Ashenzari.
  1656 | D:3      | Found a snail-covered altar of Cheibriados.
  1671 | D:3      | Reached skill level 3 in Unarmed Combat
  1917 | D:3      | Reached skill level 3 in Fighting
  1917 | D:3      | Reached XP level 5. HP: 53/53 MP: 4/4
  1937 | D:3      | You add the spells Magic Dart, Summon Small Mammal and
                  | Sting to your library.
  2189 | D:4      | Found a shimmering blue altar of Sif Muna.
  2235 | D:4      | You pick up a book of Scorching and begin reading...
  2235 | D:4      | You add the spells Scorch, Flame Wave and Summon Cactus
                  | Giant to your library.
  2268 | D:4      | Reached skill level 1 in Shapeshifting
  2317 | D:4      | Identified the +8 broad axe of Ascheshu {holy, Str+2}
  2347 | D:4      | Reached XP level 6. HP: 32/60 MP: 5/5
  2360 | D:4      | HP: 14/61 [something/magic dart (11)]
  2531 | D:4      | Noticed Sigmund
  2607 | D:4      | Reached skill level 4 in Unarmed Combat
  2634 | D:4      | Found a runed translucent door.
  2635 | D:4      | Noticed Crazy Yiuf
  2643 | D:4      | Killed Crazy Yiuf
  2714 | D:4      | Killed Sigmund
  2715 | D:4      | Reached skill level 2 in Shapeshifting
  2777 | D:4      | Reached skill level 4 in Fighting
  2777 | D:4      | Reached XP level 7. HP: 70/70 MP: 6/6
  2779 | D:4      | You pick up a book of Changes and begin reading...
  2779 | D:4      | You add the spells Wereblood and Irradiate to your library.
  2850 | D:5      | Entered Level 5 of the Dungeon
  3023 | D:5      | Found Coez's Antique Armour Emporium.
  3086 | D:5      | Identified the +7 hand axe of the Coward {flame, rPois
                  | Str-3 Int+5}
  3121 | D:5      | Reached skill level 5 in Unarmed Combat
  3192 | D:5      | Reached skill level 3 in Shapeshifting
  3232 | D:5      | Found a glowing silver altar of Zin.
  3236 | D:5      | You pick up a book of Spatial Translocations and begin
                  | reading...
  3236 | D:5      | You add the spells Blink, Momentum Strike and Lesser
                  | Beckoning to your library.
  3283 | D:5      | You pick up a book of Minor Magic and begin reading...
  3283 | D:5      | You add the spells Call Imp and Mephitic Cloud to your
                  | library.
  3523 | D:5      | Identified the +8 rapier of Radicalism {protect, rPois
                  | Will++ Dex-2}
  3754 | D:6      | Noticed Pikel
  3878 | D:6      | Reached XP level 8. HP: 57/79 MP: 7/7
  3893 | D:6      | Noticed Prince Ribbit
  3926 | D:5      | Reached skill level 5 in Fighting
  3926 | D:5      | Reached skill level 4 in Shapeshifting
  3951 | D:6      | Reached skill level 6 in Unarmed Combat
  3958 | D:6      | Killed Prince Ribbit
  4001 | D:6      | Killed Pikel
  4002 | D:6      | Reached skill level 5 in Shapeshifting
  4058 | D:6      | Reached skill level 6 in Fighting
  4058 | D:6      | Reached skill level 7 in Unarmed Combat
  4058 | D:6      | Reached XP level 9. HP: 59/89 MP: 8/8
  4363 | D:6      | Found a sacrificial altar of Ru.
  4371 | D:6      | Became a worshipper of Ru the Awakened
  4596 | D:7      | Reached skill level 6 in Shapeshifting
  4686 | D:7      | You pick up a book of Beasts and begin reading...
  4686 | D:7      | You add the spells Summon Ice Beast, Summon Mana Viper and
                  | Monstrous Menagerie to your library.
  4702 | D:7      | Found a staircase to the Ecumenical Temple.
  4733 | D:7      | Reached skill level 8 in Unarmed Combat
  4842 | D:7      | Found a radiant altar of Vehumet.
  4842 | D:7      | Found a white marble altar of Elyvilon.
  4978 | D:7      | Found a bloodstained altar of Trog.
  4997 | D:7      | Reached skill level 7 in Fighting
  5155 | D:7      | You pick up a book of Winter and begin reading...
  5155 | D:7      | You add the spells Ozocubu's Armour, Metabolic Englaciation
                  | and Simulacrum to your library.
  5414 | D:8      | Gained mutation: You are somewhat unskilled. (-1 Apt) [Ru
                  | sacrifice]
  5414 | D:8      | Reduced skill Fighting to level 6
  5414 | D:8      | Reduced skill Unarmed Combat to level 7
  5414 | D:8      | Reached * piety under Ru
  5531 | D:8      | Reached XP level 10. HP: 26/100 MP: 9/9
  5531 | D:8      | HP: 24/100 [poisoned by a gnoll sergeant]
  5536 | D:8      | HP: 24/100 [poisoned by a gnoll sergeant]
  5737 | D:8      | Found a stormy altar of Qazlal.
  5762 | D:8      | You pick up a book of Weapons and begin reading...
  5762 | D:8      | You add the spells Tukima's Dance, Dimensional Bullseye and
                  | Iskenderun's Mystic Blast to your library.
  5848 | D:8      | Reached skill level 8 in Unarmed Combat
  6100 | D:8      | HP: 20/100 [yak (8)]
  6107 | D:8      | Reached skill level 7 in Fighting
  6378 | D:8      | Reached skill level 7 in Shapeshifting
  6541 | D:9      | Found Weblig's General Store.
  6548 | D:9      | Identified the +4 barding of Gipluhir {+Inv Stlth+}
  6569 | D:9      | Bought a scroll of immolation for 44 gold pieces
  6569 | D:9      | Bought a scroll of silence for 104 gold pieces
  6569 | D:9      | Bought an amulet of regeneration for 330 gold pieces
  6580 | D:9      | Found Wuaschua's Weapon Shop.
  6684 | D:9      | Noticed a two-headed ogre
  6695 | D:9      | Killed a two-headed ogre
  6696 | D:9      | Reached skill level 9 in Unarmed Combat
  6834 | D:9      | Found a glowing golden altar of the Shining One.
  6841 | D:9      | Identified the +0 robe "Leom" {Harm Int+2 Slay-3}
  6871 | D:9      | You pick up a book of Debilitation and begin reading...
  6871 | D:9      | You add the spells Slow, Sigil of Binding, Vampiric
                  | Draining and Confusing Touch to your library.
  7132 | D:9      | Found Cyllen's Weapon Emporium.
  7142 | D:9      | Found Roakh's Assorted Antiques.
  7175 | D:9      | Bought a scroll labelled AFOEFECW KUITS for 26 gold pieces
  7178 | D:9      | Found Soczof's Antique Armour Shop.
  7338 | D:9      | Found a large runed translucent door.
  7339 | D:9      | Found a large runed translucent door.
  7351 | D:9      | Found an ornate altar of the Wu Jian Council.
  7362 | D:9      | Found an opulent altar of Gozag.
  7369 | D:9      | Reached skill level 8 in Fighting
  7420 | D:10     | Entered Level 10 of the Dungeon
  7514 | D:10     | Reached XP level 11. HP: 106/111 MP: 10/10
  7639 | D:10     | Paralysed by a hornet for 1 turns
  8030 | D:11     | Found a staircase to the Lair.
  8089 | D:11     | Reached skill level 10 in Unarmed Combat
  8218 | D:11     | Noticed a two-headed ogre
  8225 | D:11     | Killed a two-headed ogre
  8226 | D:11     | Reached skill level 9 in Fighting
  8332 | D:11     | Noticed a two-headed ogre
  8339 | D:11     | Killed a two-headed ogre
  8385 | D:11     | You add the spells Summon Forest, Eringya's Noxious Bog and
                  | Summon Hydra to your library.
  8566 | D:11     | Found Sascheq's Assorted Antiques.
  8577 | D:11     | Bought a scroll of identify for 60 gold pieces
  8634 | D:11     | Noticed a two-headed ogre
  8642 | D:11     | Killed a two-headed ogre
  8643 | D:11     | Reached skill level 11 in Unarmed Combat
  8669 | Lair:1   | Entered Level 1 of the Lair of Beasts
  9499 | Lair:2   | Noticed a seven-headed hydra
  9504 | Lair:2   | Reached XP level 12. HP: 113/126 MP: 11/11
  9557 | Lair:1   | magus.rc [v1.10.3]
  9569 | Lair:2   | Reached skill level 10 in Fighting
  9646 | Lair:2   | Gained mutation: You cannot study or use magical devices.
                  | [Ru sacrifice]
  9646 | Lair:2   | Reduced skill Evocations to level 0
  9646 | Lair:2   | Reached ** piety under Ru
  9646 | Lair:2   | Reached *** piety under Ru
  9667 | Lair:2   | Found a frozen archway.
  9695 | IceCv    | Entered an ice cave
  9768 | IceCv    | Reached skill level 2 in Dodging
  9771 | IceCv    | HP: 13/126 [spore (26)]
  9772 | IceCv    | Reached skill level 1 in Throwing
  9772 | IceCv    | Reached skill level 12 in Unarmed Combat
  9895 | IceCv    | Noticed a death yak
  9896 | IceCv    | Noticed a death yak
  9900 | IceCv    | Killed a death yak
  9903 | IceCv    | Noticed a death yak
  9908 | IceCv    | Killed a death yak
  9909 | IceCv    | Reached skill level 2 in Throwing
  9913 | IceCv    | Killed a death yak
  9918 | IceCv    | Reached skill level 3 in Dodging
 10129 | IceCv    | Noticed a death yak
 10155 | IceCv    | Killed a death yak
 10244 | IceCv    | Reached skill level 3 in Throwing
 10257 | IceCv    | Noticed a death yak
 10269 | IceCv    | Noticed a death yak
 10299 | IceCv    | Killed a death yak
 10303 | IceCv    | Killed a death yak
 10353 | IceCv    | Noticed a frost giant
 10353 | IceCv    | Noticed a death yak
 10378 | IceCv    | Killed a frost giant
 10379 | IceCv    | HP: 45/192 [death yak (21)]
 10382 | IceCv    | Killed a death yak
 10385 | IceCv    | Reached skill level 4 in Dodging
 10481 | IceCv    | Reached XP level 13. HP: 100/136 MP: 12/12
 10722 | Lair:2   | Found the +7 Kryia's mail coat {PotionHeal*2 rC+}
 10766 | Lair:2   | Reached skill level 4 in Throwing
 10787 | Lair:2   | Found a staircase to the Shoals.
 11244 | Lair:3   | Reached skill level 11 in Fighting
 11424 | Lair:3   | Gained mutation: You are somewhat inexperienced. (-1 XL)
                  | [Ru sacrifice]
 11424 | Lair:3   | Reached XP level 12. HP: 130/130 MP: 11/11
 11424 | Lair:3   | Reached **** piety under Ru
 11424 | Lair:3   | Reached ***** piety under Ru
 11543 | Lair:3   | Found a staircase to the Snake Pit.
 11728 | Lair:4   | Reached skill level 13 in Unarmed Combat
 11781 | Lair:4   | Reached skill level 5 in Dodging
 11790 | Lair:4   | Reached skill level 5 in Throwing
 11996 | Lair:4   | Learned a level 2 spell: Blink
 12480 | Lair:5   | Entered Level 5 of the Lair of Beasts
 12505 | Lair:5   | Reached skill level 1 in Translocations
 12670 | Lair:5   | Found a staircase to the Slime Pits.
 12737 | Lair:5   | Found a dark tunnel.
 12781 | Volcano  | Entered a volcano
 12898 | Volcano  | Reached XP level 13. HP: 87/137 MP: 12/12
 12907 | Volcano  | Reached skill level 2 in Translocations
 13115 | Lair:5   | Reached skill level 6 in Dodging
 13129 | Lair:5   | HP: 26/137 [six-headed hydra (10)]
 13399 | Lair:5   | Reached skill level 6 in Throwing
 13646 | Lair:5   | Reached skill level 12 in Fighting
 13667 | Lair:5   | Reached skill level 14 in Unarmed Combat
 13695 | Lair:5   | Found a large runed translucent door.
 13696 | Lair:5   | Found a large runed translucent door.
 13943 | D:12     | Found a white marble altar of Elyvilon.
 14056 | D:12     | Found a staircase to the Orcish Mines.
 14402 | D:12     | HP: 29/140 [meliai/+0 broad axe (10)]
 14403 | D:12     | HP: 12/140 [meliai/+0 broad axe (6)]
 14404 | D:12     | HP: 3/140 [meliai/divine providence (11)]
 14625 | Orc:1    | Entered Level 1 of the Orcish Mines
 14791 | Orc:2    | Entered Level 2 of the Orcish Mines
 15045 | Orc:2    | Found a runed translucent door.
 15045 | Orc:2    | Noticed RandomusNamus's ghost (journeyman TrMo)
 15216 | Orc:2    | Found a staircase to the Elven Halls.
 15263 | Orc:2    | Found Vibb's Antique Armour Shop.
 15375 | Orc:2    | Learned a level 4 spell: Manifold Assault
 15475 | Orc:2    | Found Xuciz's Armour Emporium.
 15475 | Orc:2    | Found Xadull's Assorted Antiques.
 15492 | Orc:2    | Bought a scroll of teleportation for 66 gold pieces
 15492 | Orc:2    | Bought a lumpy green potion for 19 gold pieces
 15563 | Orc:2    | Learned a level 2 spell: Wereblood
 15571 | Orc:2    | Found Wiacevemm's General Store.
 15589 | Orc:2    | Bought a potion of haste for 130 gold pieces
 15589 | Orc:2    | Bought a scroll of fog for 52 gold pieces
 15589 | Orc:2    | Bought a scroll of identify for 26 gold pieces
 15595 | Orc:2    | Found Emiuc's Jewellery Boutique.
 15622 | Orc:2    | Bought the ring "Wuroukhlasah" {rF+ Will+ EV+5 Dex+3} for
                  | 990 gold pieces
 16242 | Orc:1    | Found a one-way gate to the infinite horrors of the Abyss.
 16242 | Orc:1    | Found a corrupted altar of Lugonu.
 16531 | D:13     | Reached skill level 15 in Unarmed Combat
 16547 | D:13     | Found a gate to the Vaults.
 16695 | D:13     | Noticed Snorg
 16703 | D:13     | Killed Snorg
 16704 | D:13     | Reached XP level 14. HP: 138/140 MP: 13/13
 16772 | D:13     | Reached skill level 13 in Fighting
 17916 | D:14     | You add the spells Alistair's Intoxication and Borgnjor's
                  | Vile Clutch to your library.
 18056 | D:15     | Entered Level 15 of the Dungeon
 18182 | D:15     | Reached skill level 7 in Throwing
 18208 | D:15     | You pick up a book of the Hunter and begin reading...
 18208 | D:15     | You add the spells Call Canine Familiar and Leda's
                  | Liquefaction to your library.
 18250 | D:15     | Found a gate leading to a gauntlet.
 18276 | D:15     | Reached skill level 1 in Transmutations
 18325 | D:15     | Identified a scroll of acquirement
 18326 | D:15     | Acquired the +2 hood of the Assassin {Detect Stab+ Stlth++}
 18326 | D:15     | Found the +2 hood of the Assassin {Detect Stab+ Stlth++}
 18355 | D:15     | You pick up a book of Vapours and begin reading...
 18355 | D:15     | You add the spells Poisonous Vapours and Freezing Cloud to
                  | your library.
 18394 | Gauntlet | Entered a Gauntlet
 18394 | Gauntlet | Found a transporter.
 18394 | Gauntlet | Found a transporter.
 18411 | Gauntlet | Found a transporter.
 18415 | Gauntlet | Found a transporter.
 18428 | Gauntlet | Found a transporter.
 18432 | Gauntlet | Found a transporter.
 18448 | Gauntlet | Found a transporter.
 18467 | Gauntlet | Found a transporter.
 18474 | Gauntlet | Found a transporter.
 18476 | Gauntlet | Found a transporter.
 18489 | Gauntlet | Found a transporter.
 18493 | Gauntlet | Found a transporter.
 18564 | Gauntlet | Found the +2 pair of slick slippers {slick, slippery, EV+4}
 18801 | Gauntlet | Identified the +8 spear of the Solstice {elec, rElec rC-
                  | Int+3}
 18801 | Gauntlet | Identified the ring of Awe {rPois rF+ rC+ SInv}
 18825 | Gauntlet | Identified the +0 buckler "Ripoi" {Will+ rCorr Int+5 Dex-3}
 18825 | Gauntlet | Identified the +5 plate armour "Meibet" {Str+2}
 18923 | D:15     | Reached skill level 3 in Translocations
 18959 | D:15     | Reached skill level 2 in Transmutations
 19090 | D:15     | Found a staircase to the Depths.
 19479 | Snake:1  | Entered Level 1 of the Snake Pit
 19528 | Snake:1  | Found the +2 shield of Resistance {rF++ rC++ Will++}
 19583 | Snake:1  | Noticed Rupert
 19596 | Snake:1  | Killed Rupert
 19597 | Snake:1  | Reached skill level 1 in Shields
 19781 | Snake:1  | Reached skill level 16 in Unarmed Combat
 19811 | Snake:1  | HP: 32/149 [mana viper[a naga ritualist] (17)]
 19924 | Snake:1  | Reached skill level 3 in Transmutations
 19927 | Snake:1  | Reached skill level 2 in Shields
 20370 | Snake:1  | You pick up a book of Beasts and begin reading...
 20377 | Snake:1  | Reached XP level 15. HP: 162/162 MP: 14/14
 20622 | Snake:2  | Reached skill level 3 in Shields
 20683 | Snake:2  | Found Xeul Wur's Tiny Tomes.
 20825 | Snake:2  | Found a stormy altar of Qazlal.
 20844 | Snake:2  | Reached skill level 14 in Fighting
 21367 | Snake:3  | Identified the "Porapt"
 21546 | Snake:3  | Reached skill level 4 in Shields
 21944 | Snake:3  | Reached skill level 5 in Shields
 22115 | Snake:3  | HP: 21/153 [shock serpent/bolt of electricity (23)]
 22337 | Snake:3  | Reached skill level 6 in Shields
 22811 | Snake:3  | Gained mutation: You are weak. (Str -2) [Ru sacrifice]
 23295 | Snake:4  | Entered Level 4 of the Snake Pit
 23507 | Snake:4  | Reached skill level 7 in Shields
 23617 | Snake:4  | Reached skill level 15 in Fighting
 23712 | Snake:4  | Reached XP level 16. HP: 176/176 MP: 6/15
 24461 | Snake:4  | Reached skill level 8 in Shields
 24601 | Snake:4  | Reached skill level 17 in Unarmed Combat
 24703 | Snake:4  | Identified the blade talisman of Cuclurosa {*Corrode rF++
                  | Int+4}
 25298 | Snake:4  | Got a serpentine rune of Zot
 25485 | Shoals:1 | Entered Level 1 of the Shoals
 25688 | Shoals:1 | Gained mutation: Your casting is slightly disrupted. [Ru
                  | sacrifice]
 26001 | Shoals:1 | You fall into a shaft and drop 1 floor!
 26150 | Shoals:1 | Reached skill level 18 in Unarmed Combat
 26235 | Shoals:1 | Found Osyumej's Specific Store.
 26239 | Shoals:1 | Found Joyceoph's General Store.
 26247 | Shoals:1 | Bought a scroll of blinking for 112 gold pieces
 26376 | Shoals:1 | You pick up a book of Lightning and begin reading...
 26376 | Shoals:1 | You add the spells Vhi's Electric Charge, Arcjolt and
                  | Plasma Beam to your library.
 26455 | Shoals:1 | You pick up a book of Conjurations and begin reading...
 26455 | Shoals:1 | You add the spells Searing Ray and Fulminant Prism to your
                  | library.
 26651 | Shoals:2 | You pick up a book of Callings and begin reading...
 27386 | Shoals:3 | You pick up a book of Blood and begin reading...
 27503 | Shoals:3 | Noticed Ilsuiw
 27632 | Shoals:3 | Noticed Mara
 27879 | Shoals:3 | Reached XP level 17. HP: 164/185 MP: 16/16
 27980 | Shoals:3 | Gained mutation: You are hated by all. [Ru sacrifice]
 27980 | Shoals:3 | Reached ****** piety under Ru
 28270 | Shoals:3 | Killed Mara
 28402 | Shoals:4 | Identified the "Hixzogue"
 28402 | Shoals:4 | Identified the of Wukk
 28402 | Shoals:4 | Entered Level 4 of the Shoals
 28513 | Shoals:4 | Reached skill level 1 in Spellcasting
 28762 | Shoals:4 | Noticed Polyphemus
 28770 | Shoals:4 | Killed Polyphemus
 28812 | Shoals:4 | You add the spells Brom's Barrelling Boulder, Fireball and
                  | Chain Lightning to your library.
 29027 | Shoals:4 | Identified the staff "Ymnied" {*Slow Will++ Conj}
 29090 | Shoals:4 | Reached skill level 16 in Fighting
 29318 | Shoals:4 | Reached skill level 2 in Spellcasting
 29367 | Shoals:4 | Noticed Louise
 29464 | Shoals:4 | Killed Louise
 29480 | Shoals:4 | Got a barnacled rune of Zot
 29767 | Vaults:1 | Entered Level 1 of the Vaults
 29815 | Vaults:1 | Reached skill level 9 in Shields
 29857 | Vaults:1 | Reached skill level 19 in Unarmed Combat
 30060 | Vaults:1 | HP: 16/182 [enormous slime creature (75)]
 30384 | Vaults:1 | Noticed Donald
 30392 | Vaults:1 | Killed Donald
 31134 | Vaults:1 | magus.rc [v1.10.3]
 31210 | Vaults:2 | Reached XP level 18. HP: 151/198 MP: 20/20
 31858 | Vaults:2 | Reached skill level 17 in Fighting
 32323 | Vaults:3 | Reached skill level 20 in Unarmed Combat
 32515 | Vaults:3 | HP: 42/201 [vault warden/+4 glaive of pain (28)]
 32693 | Vaults:3 | Noticed Fotooss's ghost (adept MiDe)
 32694 | Vaults:3 | Found a large runed translucent door.
 32694 | Vaults:3 | Found a large runed translucent door.
 32913 | Vaults:3 | You pick up a book of Frost and begin reading...
 32913 | Vaults:3 | You add the spells Freeze, Frozen Ramparts and Hailstorm to
                  | your library.
 33328 | Vaults:3 | Reached skill level 18 in Fighting
 33378 | Vaults:3 | Found a staircase to the Crypt.
 34298 | Vaults:4 | Reached XP level 19. HP: 137/209 MP: 21/21
 34867 | Vaults:4 | You pick up a book of Burglary and begin reading...
 34867 | Vaults:4 | You add the spells Passwall, Ensorcelled Hibernation and
                  | Swiftness to your library.
 34937 | Vaults:4 | Paralysed by a formless jellyfish for 1 turns
 35845 | D:9      | Bought a scroll of fear for 104 gold pieces
 35991 | Orc:2    | Killed RandomusNamus's ghost
 35994 | Orc:2    | You pick up a book of the Warp and begin reading...
 35994 | Orc:2    | You add the spells Dispersal and Disjunction to your
                  | library.
 36074 | Crypt:3  | Identified the "Sibaech"
 36074 | WizLab   | Identified the "Deottiev"
 36074 | Depths:2 | Identified the of Tanoe
 36074 | Elf:1    | Entered Level 1 of the Elven Halls
 36100 | Elf:1    | Found a radiant altar of Vehumet.
 36715 | Elf:1    | Reached skill level 21 in Unarmed Combat
 36836 | Elf:1    | You pick up a book of the Moon and begin reading...
 36836 | Elf:1    | You add the spells Passage of Golubria, Silence and
                  | Lehudib's Crystal Spear to your library.
 37277 | Elf:1    | Found Orym's Distillery.
 37281 | Elf:1    | Bought a potion of haste for 170 gold pieces
 37281 | Elf:1    | Bought a potion of mutation for 136 gold pieces
 37281 | Elf:1    | Bought a potion of curing for 51 gold pieces
 37376 | Elf:2    | Noticed Roxanne
 37384 | Elf:2    | Noticed Jorgrun
 37391 | Elf:2    | Killed Roxanne
 37491 | Elf:2    | Paralysed by an air elemental for 1 turns
 37496 | Elf:2    | Killed Jorgrun
 37497 | Elf:2    | Reached skill level 19 in Fighting
 37692 | Elf:1    | magus.rc [v1.10.3]
 37761 | Elf:2    | Identified the +1 hat of Hospitality {rElec}
 37950 | Elf:2    | Found a runed translucent gate.
 37950 | Elf:2    | Found a runed translucent gate.
 37953 | Elf:2    | Found a runed translucent gate.
 38043 | Elf:2    | Reached skill level 8 in Shapeshifting
 38109 | Elf:2    | Paralysed by an air elemental for 1 turns
 38134 | Elf:2    | Noticed Saint Roka
 38161 | Elf:2    | Killed Saint Roka
 38521 | Elf:3    | Entered Level 3 of the Elven Halls
 38567 | Elf:3    | Paralysed by an air elemental for 1 turns
 38730 | Elf:3    | Noticed Bai Suzhen
 38753 | Elf:3    | Killed Bai Suzhen
 38754 | Elf:3    | Reached skill level 9 in Shapeshifting
 38800 | Elf:3    | Paralysed by an air elemental for 1 turns
 39007 | Elf:3    | Reached XP level 20. HP: 175/226 MP: 22/22
 39062 | Elf:3    | Found Pafieruts's Jewellery Shoppe.
 39063 | Elf:3    | Found Zesho's Book Boutique.
 39064 | Elf:3    | Found Viavara's Jewellery Shoppe.
 39082 | Elf:3    | Bought an amulet of reflection for 330 gold pieces
 39374 | Elf:3    | Identified the +9 morningstar "Tepsiu" {heavy, Fragile
                  | rCorr Stlth+}
 39408 | Elf:3    | HP: 41/178 [deep elf elementalist/blast of rock fragments
                  | (20)]
 39413 | Elf:2    | HP: 43/178 [poisoned by a deep elf annihilator (poison
                  | arrow)]
 39537 | Elf:3    | Reached skill level 10 in Shapeshifting
 39702 | Elf:3    | Identified the +6 plate armour of Insecurity {Will++ Int+3
                  | Dex-5 Stlth+}
 39730 | Elf:3    | Identified the +5 whip "Fafaut" {heavy, Drain rElec rPois
                  | rC+}
 40115 | Elf:3    | Identified the +10 falchion of the Philosopher {freeze,
                  | *Noise rC+++ Str-3 Stlth+}
 40144 | Elf:3    | Reached skill level 11 in Shapeshifting
 40273 | Elf:3    | You pick up a book of Beasts and begin reading...
 40305 | Elf:3    | Identified the +1 flail of Light {freeze, rC+ Dex+3}
 40356 | Elf:3    | You pick up a book of Blood and begin reading...
 40747 | Depths:1 | Entered Level 1 of the Depths
 40764 | Depths:1 | Found Heuxtun's Self-Published Books.
 40788 | Depths:1 | Found a one-way gateway to a ziggurat.
 40964 | Depths:1 | Found a magical portal.
 40994 | WizLab   | Entered The Chambers of the Cloud Mage
 41205 | WizLab   | Paralysed by an air elemental for 1 turns
 41499 | WizLab   | Reached skill level 12 in Shapeshifting
 41576 | WizLab   | Otiu the Cloud Mage comes into view. She is wielding a +2
                  | quick blade of electrocution and wearing the +3 robe of
                  | Clouds {*Thunder rCloud rElec}.
 41580 | WizLab   | Identified the ring of the Hippo {+Blink MP+9}
 41586 | WizLab   | Here: Otiu the Cloud Mage, wielding a +2 quick blade of
                  | electrocution and wearing the +3 robe of Clouds {*Thunder
                  | rCloud rElec} (white fluffiness, lightly wounded)
 41586 | WizLab   | Here: Otiu the Cloud Mage, wielding a +2 quick blade of
                  | electrocution and wearing the +3 robe of Clouds {*Thunder
                  | rCloud rElec} (white fluffiness, lightly wounded)
 41593 | WizLab   | Here: Otiu the Cloud Mage, wielding a +2 quick blade of
                  | electrocution and wearing the +3 robe of Clouds {*Thunder
                  | rCloud rElec} (severely wounded, surrounded by a freezing
                  | vortex, softly glowing)
 41593 | WizLab   | Here: Otiu the Cloud Mage, wielding a +2 quick blade of
                  | electrocution and wearing the +3 robe of Clouds {*Thunder
                  | rCloud rElec} (severely wounded, surrounded by a freezing
                  | vortex, softly glowing)
 41593 | WizLab   | HP: 34/203 [Otiu the Cloud Mage/vortex (21)]
 41633 | WizLab   | a +2 quick blade of electrocution {rare}; the human corpse
                  | of Otiu
 41676 | WizLab   | Identified the +3 quick blade "Estruede" {vamp, rC+ Int+3}
 41677 | WizLab   | Q - the +3 quick blade "Estruede" {vamp, rC+ Int+3, rare}
 41692 | WizLab   | a +2 quick blade of electrocution {rare}; the human corpse
                  | of Otiu
 41754 | Depths:1 | You drop the +3 quick blade "Estruede" {vamp, rC+ Int+3,
                  | rare}.
 42543 | Depths:1 | Reached skill level 13 in Shapeshifting
 42715 | Depths:1 | Found a shimmering altar of Xom.
 42806 | Depths:1 | Gained mutation: You have hidden genetic defects. [a
                  | shining eye]
 42816 | Depths:1 | Lost mutation: You have hidden genetic defects. [potion of
                  | mutation]
 42816 | Depths:1 | Gained mutation: You have supernaturally acute eyesight.
                  | (SInv) [potion of mutation]
 43028 | Depths:1 | Reached skill level 14 in Shapeshifting
 43077 | Depths:1 | Found a gateway to Hell.
 43582 | Vaults:5 | Entered Level 5 of the Vaults
 43584 | Vaults:5 | Reached XP level 21. HP: 225/225 MP: 14/23
 43590 | Vaults:5 | Noticed an ancient lich
 43623 | Vaults:5 | Reached skill level 15 in Shapeshifting
 43623 | Vaults:5 | Noticed an ancient lich
 43630 | Vaults:4 | Killed an ancient lich
 43690 | Vaults:4 | Killed an ancient lich
 43823 | Vaults:5 | Identified the +0 shortbow "Keef" {heavy, rF+ MP+9 Str-3
                  | Int+7}
 43888 | Vaults:4 | n - quicksilver dragon scales {rare}
 43926 | Vaults:5 | Identified the +2 robe of Qarely {Harm rC+}
 44023 | Vaults:4 | Reached skill level 4 in Translocations
 44120 | Vaults:5 | Identified the ring "Hoitod" {rF++ rC+ Int+2}
 44209 | Vaults:5 | Noticed a dread lich
 44245 | Vaults:5 | Noticed an ancient lich
 44252 | Vaults:4 | Killed a dread lich
 44253 | Vaults:4 | Reached skill level 16 in Shapeshifting
 44319 | Vaults:5 | Killed an ancient lich
 44376 | Vaults:5 | Reached skill level 20 in Fighting
 44382 | Vaults:5 | Reached skill level 5 in Translocations
 44460 | Vaults:5 | You pick up a book of the Wilderness and begin reading...
 44509 | Vaults:5 | You pick up a book of Lightning and begin reading...
 44561 | Vaults:5 | Identified the +4 shortbow of the Philosopher {heavy, Will+
                  | Str+2 Int+4}
 44688 | Vaults:5 | You add the spells Ignite Poison, Sticky Flame and Ignition
                  | to your library.
 44693 | Vaults:5 | Got a silver rune of Zot
 44700 | Vaults:5 | Identified the staff of Blood {rN+ Str+4 Int-5 Dex+3 Necro}
 44751 | Vaults:5 | Noticed a dread lich
 44761 | Vaults:5 | Killed a dread lich
 45009 | Vaults:5 | Identified the ring of Otreg {*Corrode rPois rN+ Str+2}
 45043 | Vaults:5 | You pick up a book of Flames and begin reading...
 45109 | Vaults:5 | You pick up a book of Frost and begin reading...
 45157 | Vaults:5 | You pick up a book of Ice and begin reading...
 45364 | Vaults:5 | Acquired a manual of Spellcasting
 45522 | Crypt:1  | Entered Level 1 of the Crypt
 45608 | Crypt:1  | Noticed Igymira's ghost (veteran MiGl)
 45609 | Crypt:1  | Found a runed translucent door.
 45646 | Crypt:1  | Noticed Frederick
 45665 | Crypt:1  | Killed Frederick
 45676 | Crypt:1  | Reached XP level 22. HP: 249/249 MP: 24/24
 45721 | Crypt:1  | Reached skill level 6 in Translocations
 45894 | Crypt:1  | Noticed an ancient lich
 45901 | Crypt:1  | Killed an ancient lich
 45988 | Crypt:1  | Reached skill level 3 in Spellcasting
 46296 | Crypt:2  | a +0 triple sword {rare}; a +0 robe; 25 gold pieces
 46299 | Crypt:2  | a +0 triple sword {rare}; a +0 robe; 25 gold pieces
 46551 | Crypt:2  | a +0 triple sword {rare}; a +0 robe
 46562 | Crypt:2  | Reached skill level 4 in Spellcasting
 46913 | Crypt:3  | Entered Level 3 of the Crypt
 47103 | Crypt:3  | Noticed a dread lich
 47110 | Crypt:3  | Killed a dread lich
 47111 | Crypt:3  | Reached skill level 17 in Shapeshifting
 47139 | Crypt:3  | Reached skill level 7 in Translocations
 47155 | Crypt:3  | Reached skill level 21 in Fighting
 47175 | Crypt:3  | Noticed Margery
 47181 | Crypt:3  | Killed Margery
 47226 | Crypt:3  | Identified the ring "Ceul" {rN+ Will+ Str-5 Int+5}
 47326 | Crypt:3  | a +3 great sword of draining; a +0 plate armour; +2 storm
                  | dragon scales {rare}
 47443 | Crypt:3  | Found a staircase to the Tomb.
 47517 | Crypt:3  | Noticed Xtahua
 47523 | Crypt:3  | Noticed a royal mummy
 47525 | Crypt:3  | Noticed Khufu
 47526 | Crypt:3  | Killed Xtahua
 47527 | Crypt:3  | Reached skill level 22 in Unarmed Combat
 47529 | Crypt:3  | Noticed a royal mummy
 47532 | Crypt:3  | Killed a royal mummy
 47725 | Crypt:3  | Found an ancient bone altar of Kikubaaqudgha.
 47732 | Crypt:3  | You pick up a book of Blasting and begin reading...
 47747 | Crypt:3  | Identified the ring of Feluosigh {rN+ Str+3 Dex+2}
 47747 | Crypt:3  | Identified the ring of Bumoang {rN+ Str+2 Int+3 Dex+3
                  | Slay-2}
 47790 | Crypt:3  | You add the spells Kiss of Death, Anguish and Borgnjor's
                  | Revivification to your library.
 47828 | Crypt:3  | a +3 great sword of draining; a +0 plate armour; +2 storm
                  | dragon scales {rare}
 47895 | Crypt:3  | Killed Khufu
 47896 | Crypt:3  | Reached skill level 8 in Translocations
 47901 | Crypt:3  | Killed a royal mummy
 48008 | Crypt:3  | a +3 great sword of draining; a +0 plate armour; +2 storm
                  | dragon scales {rare}
 48404 | Zot:5    | Identified the "Zuti"
 48404 | Slime:1  | Entered Level 1 of the Pits of Slime
 48406 | Slime:1  | Gained mutation: Your magical capacity is low. (-10% MP) [a
                  | shining eye]
 48407 | Slime:1  | Gained mutation: Potions are less effective at restoring
                  | your health. [a shining eye]
 48582 | Slime:1  | Reached XP level 23. HP: 259/259 MP: 25/25
 49108 | Slime:2  | Noticed Dissolution
 49119 | Slime:2  | Killed Dissolution
 49772 | Depths:2 | Reached skill level 8 in Throwing
 49930 | Depths:2 | Learned a level 4 spell: Passage of Golubria
 49935 | Depths:2 | Learned a level 4 spell: Vhi's Electric Charge
 49945 | Depths:2 | Found a one-way gate leading to the halls of Pandemonium.
 49963 | Depths:2 | Reached skill level 9 in Translocations
 50494 | Depths:2 | Acquired 1292 gold pieces
 50702 | D:9      | Bought a storm talisman for 2080 gold pieces
 50876 | Elf:1    | Bought 2 potions of resistance for 340 gold pieces
 50876 | Elf:1    | Bought a potion of might for 68 gold pieces
 50876 | Elf:1    | Bought a potion of resistance for 170 gold pieces
 50876 | Elf:1    | Bought a potion of lignification for 51 gold pieces
 51037 | D:11     | Bought a potion of heal wounds for 150 gold pieces
 51710 | Depths:3 | Reached skill level 9 in Throwing
 51751 | Depths:3 | Found a radiant altar of Vehumet.
 51877 | Depths:3 | Found a huge runed gate.
 51877 | Depths:3 | Found a huge runed gate.
 51877 | Depths:3 | Found a huge runed gate.
 51877 | Depths:3 | Found a huge runed gate.
 51877 | Depths:3 | Found a huge runed gate.
 51878 | Depths:3 | Found a huge runed gate.
 51879 | Depths:3 | Found a huge runed gate.
 51880 | Depths:3 | Found a huge runed gate.
 51881 | Depths:3 | Found a huge runed gate.
 51882 | Depths:3 | Found a huge runed gate.
 51883 | Depths:3 | Found a huge runed gate.
 51884 | Depths:3 | Found a huge runed gate.
 51907 | Depths:3 | Found a huge runed gate.
 51908 | Depths:3 | Found a huge runed gate.
 51916 | Depths:3 | Found a huge runed gate.
 51916 | Depths:3 | Found a huge runed gate.
 51916 | Depths:3 | Found a huge runed gate.
 51916 | Depths:3 | Found a huge runed gate.
 51916 | Depths:3 | Found a huge runed gate.
 51916 | Depths:3 | Found a huge runed gate.
 51917 | Depths:3 | Found a huge runed gate.
 51918 | Depths:3 | Found a huge runed gate.
 51921 | Depths:3 | Found a huge runed gate.
 51935 | Depths:3 | Found a huge runed gate.
 51935 | Depths:3 | Found a huge runed gate.
 51935 | Depths:3 | Found a huge runed gate.
 51935 | Depths:3 | Found a huge runed gate.
 51935 | Depths:3 | Found a huge runed gate.
 51935 | Depths:3 | Found a huge runed gate.
 51936 | Depths:3 | Found a huge runed gate.
 51937 | Depths:3 | Found a huge runed gate.
 51938 | Depths:3 | Found a huge runed gate.
 51963 | Depths:3 | Found a huge runed gate.
 51963 | Depths:3 | Found a huge runed gate.
 51963 | Depths:3 | Found a huge runed gate.
 51963 | Depths:3 | Found a huge runed gate.
 52158 | Depths:4 | Entered Level 4 of the Depths
 52204 | Depths:4 | Reached skill level 18 in Shapeshifting
 52448 | Depths:4 | Reached skill level 23 in Unarmed Combat
 52981 | Depths:4 | Reached skill level 7 in Dodging
 53070 | Depths:4 | Reached skill level 10 in Throwing
 53070 | Depths:4 | Reached XP level 24. HP: 266/266 MP: 25/25
 53326 | Depths:4 | Found a gate to the Realm of Zot.
 53987 | Zot:1    | Entered Level 1 of the Realm of Zot
 54003 | Zot:1    | Noticed an electric golem
 54007 | Zot:1    | Identified +0 gold dragon scales
 54050 | Zot:1    | Reached skill level 19 in Shapeshifting
 54146 | Zot:1    | Noticed Vv
 54170 | Zot:1    | Killed an electric golem
 54279 | Zot:1    | Killed Vv
 54295 | Zot:1    | You pick up a book of Lightning and begin reading...
 54468 | Zot:1    | Reached skill level 8 in Dodging
 54979 | Zot:2    | Reached skill level 11 in Throwing
 55097 | Zot:2    | Identified the ring of Curiosity {Ice rCorr}
 55097 | Zot:2    | Identified the talisman of death of Evolution {rElec Int+2
                  | Dex-5 Slay+4}
 55097 | Zot:2    | Noticed Josephina
 55116 | Zot:2    | Killed Josephina
 55245 | Zot:2    | You pick up a book of Hexes and begin reading...
 55245 | Zot:2    | You add the spells Cause Fear and Enfeeble to your library.
 55297 | Zot:2    | You add the spells Gell's Gravitas and Teleport Other to
                  | your library.
 55331 | Zot:2    | You drop quicksilver dragon scales {rare}.
 55643 | Zot:2    | Identified the maw talisman of the Kettle-Drum {rElec
                  | Str+4}
 56169 | Zot:3    | Reached skill level 9 in Dodging
 56354 | Zot:3    | Noticed an orb of fire
 56357 | Zot:3    | Gained mutation: You are vulnerable to cold. (rC-) [an orb
                  | of fire]
 56359 | Zot:3    | Killed an orb of fire
 56521 | Zot:3    | magus.rc [v1.10.3]
 56917 | Zot:4    | Noticed a curse toe
 57048 | Zot:4    | Noticed a curse toe
 57052 | Zot:4    | Reached skill level 5 in Spellcasting
 57053 | Zot:4    | Killed a curse toe
 57210 | Zot:4    | Killed a curse toe
 57211 | Zot:4    | Reached skill level 12 in Throwing
 57590 | Zot:4    | Noticed a Killer Klown
 57599 | Zot:4    | Killed a Killer Klown
 57748 | Zot:5    | Entered Level 5 of the Realm of Zot
 57757 | Zot:5    | Noticed a curse toe
 57761 | Zot:5    | Killed a curse toe
 57942 | Zot:5    | Reached XP level 25. HP: 263/278 MP: 26/26
 58065 | Zot:5    | Reached skill level 10 in Dodging
 58275 | Zot:5    | Reached skill level 10 in Translocations
 58294 | Zot:5    | Noticed a curse toe
 58303 | Zot:5    | Killed a curse toe
 58306 | Zot:5    | Noticed an orb of fire
 58306 | Zot:5    | Gained mutation: You occasionally shout uncontrollably at
                  | your foes. [an orb of fire]
 58307 | Zot:5    | Gained mutation: Your magical capacity is very low. (-20%
                  | MP) [an orb of fire]
 58307 | Zot:5    | Gained mutation: Armour fits poorly on your strangely
                  | shaped body. [an orb of fire]
 58315 | Zot:5    | Killed an orb of fire
 58322 | Zot:5    | Noticed an orb of fire
 58329 | Zot:5    | Gained mutation: You are frail. (-10% HP) [an orb of fire]
 58330 | Zot:5    | Killed an orb of fire
 58346 | Zot:5    | Lost mutation: You are vulnerable to cold. (rC-) [potion of
                  | mutation]
 58346 | Zot:5    | Lost mutation: You occasionally shout uncontrollably at
                  | your foes. [potion of mutation]
 58346 | Zot:5    | Gained mutation: Your spells are a little harder to cast,
                  | but a little more powerful. [potion of mutation]
 58350 | Zot:5    | +0 shadow dragon scales {rare}; a shadow dragon corpse
 58365 | Zot:5    | Noticed an orb of fire
 58369 | Zot:5    | Gained mutation: You are clumsy. (Dex -2) [an orb of fire]
 58373 | Zot:5    | Killed an orb of fire
 58374 | Zot:5    | Reached skill level 13 in Throwing
 58404 | Zot:5    | +0 shadow dragon scales {rare}; a shadow dragon corpse
 58420 | Zot:5    | Noticed an electric golem
 58424 | Zot:5    | Killed an electric golem
 58425 | Zot:5    | Noticed an orb of fire
 58428 | Zot:5    | Gained mutation: Your body sometimes deteriorates upon
                  | taking damage. [an orb of fire]
 58429 | Zot:5    | Killed an orb of fire
 58444 | Zot:5    | +0 storm dragon scales {rare}; a storm dragon corpse
 58462 | Zot:5    | +0 storm dragon scales {rare}; a storm dragon corpse
 58506 | Zot:5    | Noticed an orb of fire
 58511 | Zot:5    | Gained mutation: You are very frail. (-20% HP) [an orb of
                  | fire]
 58514 | Zot:5    | Gained mutation: You occasionally lose the ability to drink
                  | potions when taking damage. [an orb of fire]
 58515 | Zot:5    | Gained mutation: You are dopey. (Int -2) [an orb of fire]
 58515 | Zot:5    | Gained mutation: You sometimes lose your temper in combat.
                  | [an orb of fire]
 58522 | Zot:5    | Noticed an orb of fire
 58530 | Zot:4    | Gained mutation: Your magical capacity is extremely low.
                  | (-30% MP) [an orb of fire]
 58535 | Zot:4    | Gained mutation: Your body often deteriorates upon taking
                  | damage. [an orb of fire]
 58536 | Zot:4    | Killed an orb of fire
 58537 | Zot:4    | Reached skill level 11 in Dodging
 58565 | Zot:4    | Lost mutation: Armour fits poorly on your strangely shaped
                  | body. [potion of mutation]
 58565 | Zot:4    | Lost mutation: You are clumsy. (Dex -2) [potion of
                  | mutation]
 58565 | Zot:4    | Lost mutation: You are very frail. (-20% HP) [potion of
                  | mutation]
 58565 | Zot:4    | Gained mutation: You have an uncontrollable temper. [potion
                  | of mutation]
 58566 | Zot:4    | Lost mutation: You are frail. (-10% HP) [potion of
                  | mutation]
 58566 | Zot:4    | Lost mutation: Potions are less effective at restoring your
                  | health. [potion of mutation]
 58595 | Zot:4    | Lost mutation: You have an uncontrollable temper. [potion
                  | of mutation]
 58595 | Zot:4    | Lost mutation: You have supernaturally acute eyesight.
                  | (SInv) [potion of mutation]
 58595 | Zot:4    | Lost mutation: You occasionally lose the ability to drink
                  | potions when taking damage. [potion of mutation]
 58598 | Zot:4    | Lost mutation: You sometimes lose your temper in combat.
                  | [potion of mutation]
 58598 | Zot:4    | Lost mutation: Your magical capacity is extremely low.
                  | (-30% MP) [potion of mutation]
 58598 | Zot:4    | Gained mutation: You possess an exceptional clarity of
                  | mind. [potion of mutation]
 58598 | Zot:4    | Lost mutation: You are dopey. (Int -2) [potion of mutation]
 58611 | Zot:5    | Noticed an orb of fire
 58613 | Zot:5    | Noticed an ancient lich
 58614 | Zot:5    | Killed an orb of fire
 58617 | Zot:5    | Noticed an ancient lich
 58618 | Zot:5    | Killed an orb of fire
 58675 | Zot:5    | Noticed an ancient lich
 58680 | Zot:4    | Killed an ancient lich
 58683 | Zot:4    | Killed an ancient lich
 58735 | Zot:5    | Killed an ancient lich
 58827 | Zot:5    | Reached skill level 14 in Throwing
 58859 | Zot:5    | Noticed an orb of fire
 58863 | Zot:5    | Gained mutation: You occasionally shout uncontrollably at
                  | your foes. [an orb of fire]
 58870 | Zot:5    | Killed an orb of fire
 58890 | Zot:5    | Noticed an electric golem
 58901 | Zot:5    | Killed an electric golem
 58914 | Zot:5    | +0 storm dragon scales {rare}; a storm dragon corpse
 58951 | Zot:5    | Reached skill level 12 in Dodging
 58954 | Zot:5    | You pick up a book of Spectacle and begin reading...
 58954 | Zot:5    | You add the spells Dazzling Flash, Starburst and Maxwell's
                  | Capacitive Coupling to your library.
 58980 | Zot:5    | Got the Orb of Zot
 59173 | Depths:2 | Noticed Fietuno the pandemonium lord
 59397 | D:10     | Reached skill level 15 in Throwing
 59605 | D:$      | Escaped with the Orb!

Vanquished Creatures
  Dissolution (Slime:2)
  3 dread liches
  Khufu (Crypt:3)
  9 orbs of fire
  7 ancient liches
  Mara (Shoals:3)
  2 royal mummies (Crypt:3)
  Josephina (Zot:2)
  Bai Suzhen (Elf:3)
  5 Killer Klowns
  Vv (Zot:1)
  Frederick (Crypt:1)
  Saint Roka (Elf:2)
  Margery (Crypt:3)
  4 curse toes
  Xtahua (Crypt:3)
  2 golden dragons (Zot:1)
  A profane servitor (Crypt:3)
  A Tzitzimitl (D:15)
  A bone dragon (Depths:4)
  A Brimstone Fiend (Zot:3)
  A Cloud Mage (WizLab)
  3 electric golems
  Jorgrun (Elf:2)
  2 Ice Fiends
  Rupert (Snake:1)
  15 tentacled monstrosities
  27 Orb Guardians
  A walking crystal tome (Depths:2)
  4 liches
  3 deep elf master archers (Elf:3)
  7 sphinxes
  4 titans
  8 acid blobs
  7 quicksilver dragons
  3 deep elf blademasters (Elf:3)
  6 death cobs
  11 ancient champions
  4 tengu reavers
  11 storm dragons
  Roxanne (Elf:2)
  Polyphemus (Shoals:4)
  10 shadow dragons
  12 azure jellies
  3 rockslimes
  9 draconian knights
  Donald (Vaults:1)
  A fenstrider witch (Shoals:1)
  4 revenants
  10 frost giants
  4 draconian monks
  9 nagarajas
  12 fire giants
  9 draconian scorchers
  5 ghost moths
  7 deep elf sorcerers
  Louise (Shoals:4)
  2 orc warlords
  2 balrugs
  12 vault wardens
  4 draconian shifters
  11 draconian stormcallers
  5 deep elf elementalists
  20 stone giants
  A demonspawn blood saint (Depths:1)
  4 quicksilver oozes
  6 draconian annihilators
  18 ironbound preservers
  The ghost of RandomusNamus the Brawler, a journeyman TrMo of Trog (Orc:2)
  9 vampire knights
  3 war gargoyles
  4 ironbound thunderhulks
  14 formless jellyfish
  9 green draconians
  7 black draconians
  19 very ugly things
  6 deep elf demonologists
  8 purple draconians
  7 white draconians
  6 deep elf annihilators
  7 red draconians
  A minotaur (Gauntlet)
  8 spark wasps
  6 yellow draconians
  Snorg (D:13)
  7 eidola
  7 dire elephants
  2 crystal guardians (Vaults:1)
  7 ettins
  9 deep elf death magi
  A blizzard demon (Depths:1)
  17 jiangshi
  7 merfolk impalers
  16 yaktaur captains
  2 entropy weavers
  A salamander tyrant (Snake:3)
  11 fire dragons
  8 merfolk javelineers
  3 deep elf high priests
  A hell beast (D:14)
  A rakshasa (Depths:2)
  7 spriggan air magi
  29 vault guards
  16 great orbs of eyes
  3 peacekeepers
  18 centaur warriors
  4 ghost crabs (WizLab)
  An ice dragon (Depths:2)
  9 ironbound frosthearts
  2 catoblepae
  14 hydras
  A juggernaut simulacrum (Depths:2)
  11 anacondas
  6 two-headed ogres
  A satyr (Shoals:3)
  20 dancing weapons
  3 merfolk avatars
  6 boulder beetles
  8 tengu warriors
  A sphinx skeleton (D:15)
  2 death knights
  6 merfolk aquamancers
  10 death yaks
  10 deep troll shamans
  3 hell hogs (Depths:3)
  14 vampire magi
  A bennu skeleton (Crypt:3)
  5 deep troll earth magi
  12 naga warriors
  6 orc high priests (Orc:2)
  13 shock serpents
  8 deep elf knights
  2 occultists (Volcano)
  3 soul eaters
  3 spriggan berserkers
  11 naga sharpshooters
  4 sun demons
  4 skysharks
  3 salamander mystics
  34 skeletal warriors
  9 hell knights
  A cherub (D:12)
  11 iron trolls
  13 sea snakes
  4 shadow wraiths
  A fire crab (Gauntlet)
  2 storm dragon skeletons
  A spark wasp zombie (Depths:1)
  5 flayed ghosts
  A golden dragon zombie (Depths:2)
  An orange crystal statue (Zot:5)
  A death drake (WizLab)
  2 bog bodies (Shoals:2)
  A quicksilver dragon simulacrum (Zot:2)
  11 naga ritualists
  2 glowing orange brains
  A shadow dragon zombie (Crypt:1)
  53 deep trolls
  A goliath frog zombie (Crypt:2)
  A swamp dragon (shapeshifter) (D:13)
  7 arcanists
  13 ironbound convokers
  14 deep elf archers
  7 lindwurms
  11 harpies
  An anaconda skeleton (Crypt:2)
  11 phantasmal warriors
  Pikel (D:6)
  10 necromancers
  An iron dragon zombie (Depths:1)
  10 orc knights
  26 deep elf pyromancers
  11 mana vipers
  26 deep elf zephyrmancers
  A faun (Shoals:2)
  4 orc sorcerers
  4 shining eyes
  9 cyclopes
  A stone giant zombie (Crypt:3)
  A shining eye (shapeshifter) (Depths:2)
  18 manticores
  A fire giant zombie (Depths:2)
  43 ugly things
  3 stone giant skeletons
  11 elephants
  A shadow dragon skeleton (Vaults:3)
  An eye of devastation (Slime:4)
  4 toenail golems (Volcano)
  18 moths of wrath
  3 merfolk sirens
  40 black mambas
  12 salamanders
  A black mamba (shapeshifter) (Elf:3)
  7 molten gargoyles
  5 guardian serpents (Snake:4)
  18 vault sentinels
  4 water nymphs
  2 ice statues
  26 naga magi
  An apocalypse crab (WizLab)
  8 cane toads
  A torpor snail (shapeshifter) (Elf:3)
  An unseen horror (D:10)
  A storm dragon simulacrum (Zot:2)
  2 efreet
  A bunyip simulacrum (Crypt:2)
  A kobold demonologist (D:11)
  19 rime drakes
  8 freezing wraiths
  11 komodo dragons
  31 yaktaurs
  3 tengu conjurers
  A tormentor (Zot:3)
  A great orb of eyes zombie (Crypt:3)
  An iron troll zombie (Crypt:1)
  A purple draconian zombie (Crypt:3)
  4 guardian mummies (Crypt:3)
  2 harpy zombies
  3 yaktaur skeletons (Vaults:3)
  An anaconda simulacrum (Crypt:3)
  A large abomination (D:8)
  10 trolls
  A grey draconian skeleton (Crypt:1)
  3 meliai (D:12)
  A queen bee (D:12)
  A green draconian skeleton (Crypt:2)
  34 merfolk
  A tyrant leech (shapeshifter) (Vaults:4)
  12 wind drakes
  13 polar bears
  A shadow dragon simulacrum (Zot:2)
  A dream sheep (shapeshifter) (Vaults:5)
  A hornet (D:10)
  A raiju (Gauntlet)
  A glass eye (Slime:2)
  18 snapping turtles
  A tarantella zombie (Crypt:2)
  Prince Ribbit (D:6)
  3 blink frogs (Lair:4)
  A jumping spider zombie (Crypt:2)
  16 dream sheep
  11 air elementals
  64 slime creatures
  A culicivora (Vaults:5)
  Sigmund (D:4)
  A centaur simulacrum (D:14)
  2 spriggan skeletons
  An ettin skeleton (Crypt:3)
  A shadow (D:9)
  An elf skeleton (Vaults:3)
  7 wyverns
  A wind drake zombie (Crypt:2)
  4 vampires
  17 water elementals
  A dire elephant simulacrum (Crypt:3)
  6 humans
  A fire dragon skeleton (Crypt:3)
  53 yaks
  5 wraiths
  2 fire elementals
  4 basilisks
  3 redbacks (Vaults:5)
  7 vampire mosquitoes
  5 fire bats
  7 golden eyes
  A chaos spawn (D:12)
  3 steam dragons
  54 nagas
  A harpy simulacrum (Crypt:2)
  8 wargs
  A naga (shapeshifter) (Vaults:5)
  18 water moccasins
  10 hell hounds
  A moth of wrath simulacrum (Zot:2)
  A merfolk skeleton (Crypt:3)
  A glowing shapeshifter skeleton (Vaults:3)
  4 ice beasts
  15 orc warriors
  4 black bears
  2 human skeletons (Vaults:3)
  2 ettin simulacra (Depths:3)
  A sky beast (D:7)
  A dream sheep skeleton (Crypt:2)
  12 ogres
  10 wolves
  11 centaurs
  A lemure (D:5)
  2 phantoms
  5 kobold brigands
  15 bullfrogs
  A fire crab zombie (Crypt:1)
  5 gnoll sergeants
  2 earth elementals
  A glowing shapeshifter simulacrum (Depths:1)
  A troll zombie (Crypt:2)
  A warg skeleton (Crypt:3)
  27 killer bees
  2 electric eels
  2 howler monkeys
  7 lava snakes
  A hound (D:4)
  A basilisk zombie (Crypt:1)
  5 jellies
  35 orc priests
  Crazy Yiuf (D:4)
  Jessica (D:2)
  2 gnoll boudas
  3 sleepcaps
  An iguana (D:6)
  28 orc wizards
  A deep dwarf zombie (Crypt:1)
  A mummy (Crypt:3)
  25 gnolls
  A steam dragon zombie (Crypt:3)
  7 adders
  A shadow imp (D:5)
  5 white imps
  3 ufetubi
  3 worms
  A dart slug (D:1)
  82 orcs
  4 endoplasms
  2 giant cockroaches
  8 goblins
  14 hobgoblins
  9 jackals
  24 kobolds
  6 quokkas
  9 ball pythons
  6 bats
  4 frilled lizards
  A frilled lizard zombie (Crypt:1)
  A jackal zombie (Crypt:2)
  An orc zombie (Crypt:3)
  6 rats
2354 creatures vanquished.

Vanquished Creatures (collateral kills)
  A yak (D:8)
1 creature vanquished.

Vanquished Creatures (others)
  A lich (Vaults:5)
  A titan (Vaults:5)
  A draconian knight (Zot:5)
  A nagaraja (Snake:4)
  A fire giant (Vaults:5)
  2 draconian scorchers
  A vault warden (Vaults:2)
  An ironbound preserver (Vaults:3)
  A draconian annihilator (Zot:5)
  A draconian stormcaller (Depths:4)
  A black draconian (Zot:5)
  A red draconian (Zot:4)
  A white draconian (Zot:1)
  A merfolk impaler (Shoals:3)
  A rakshasa (Depths:1)
  A spriggan air mage (WizLab)
  An anaconda (Snake:4)
  A naga sharpshooter (Snake:4)
  A flayed ghost (Crypt:3)
  A sea snake (Shoals:4)
  A deep elf pyromancer (Elf:1)
  A harpy (Lair:2)
  A bunyip skeleton (Crypt:1)
  A necromancer (Depths:1)
  A deep elf zephyrmancer (Elf:1)
  A salamander (Snake:3)
  2 manticores
  2 black mambas (Snake:3)
  A cane toad (Lair:3)
  A merfolk (Shoals:1)
  A dream sheep (Shoals:3)
  A slime creature (Slime:1)
  A fire bat (Elf:2)
  2 yaks
  A redback (Vaults:5)
  A naga (Snake:1)
  An ettin simulacrum (Depths:3)
  2 centaurs (D:15)
  2 orcs
  3 lurking horrors (Orc:1)
48 creatures vanquished.

Grand Total: 2403 creatures vanquished

Table legend:
 A = Non-vault XP
 B = Vault XP
 C = Vault XP percentage of total XP
 D = Non-vault monster count
 E = Vault monster count
 F = Vault count percentage of total count
                 A         B        C        D         E       F
            +---------+---------+-------+---------+---------+-------
      Total |  743842 |  702860 |  48.6 |    1467 |     897 |  37.9
            +---------+---------+-------+---------+---------+-------
        D:1 |      34 |       0 |   0.0 |      22 |       0 |   0.0
        D:2 |      57 |      67 |  54.0 |      20 |      10 |  33.3
        D:3 |      98 |       0 |   0.0 |      16 |       0 |   0.0
        D:4 |      95 |     413 |  81.3 |       9 |       6 |  40.0
        D:5 |     590 |       0 |   0.0 |      21 |       0 |   0.0
        D:6 |    1352 |     881 |  39.5 |      34 |       2 |   5.6
        D:7 |    1238 |     319 |  20.5 |      24 |       5 |  17.2
        D:8 |    2578 |       0 |   0.0 |      45 |       0 |   0.0
        D:9 |    2270 |     256 |  10.1 |      18 |       2 |  10.0
       D:10 |    2184 |       0 |   0.0 |      18 |       0 |   0.0
       D:11 |    7638 |       0 |   0.0 |      32 |       0 |   0.0
       D:12 |    4206 |    2129 |  33.6 |      21 |      20 |  48.8
       D:13 |    5767 |    4702 |  44.9 |      12 |       8 |  40.0
       D:14 |   14311 |     615 |   4.1 |      27 |       8 |  22.9
       D:15 |    7719 |    4693 |  37.8 |      20 |       7 |  25.9
     Lair:1 |    3207 |       0 |   0.0 |      13 |       0 |   0.0
     Lair:2 |    5313 |    2532 |  32.3 |      12 |       6 |  33.3
     Lair:3 |    4557 |     612 |  11.8 |      17 |       4 |  19.0
     Lair:4 |    8196 |     870 |   9.6 |      31 |       6 |  16.2
     Lair:5 |    8549 |    9386 |  52.3 |      25 |      35 |  58.3
   Shoals:1 |   14173 |    1319 |   8.5 |      37 |       1 |   2.6
   Shoals:2 |    5863 |    1060 |  15.3 |      16 |       2 |  11.1
   Shoals:3 |   17691 |    6440 |  26.7 |      39 |       4 |   9.3
   Shoals:4 |    6685 |   24530 |  78.6 |      17 |      44 |  72.1
    Snake:1 |   14194 |    1843 |  11.5 |      31 |       1 |   3.1
    Snake:2 |    8437 |       0 |   0.0 |      15 |       0 |   0.0
    Snake:3 |   25640 |   16256 |  38.8 |      52 |      34 |  39.5
    Snake:4 |   20944 |   27615 |  56.9 |      51 |      40 |  44.0
    Slime:1 |   15303 |       0 |   0.0 |      36 |       0 |   0.0
    Slime:2 |   10232 |    7022 |  40.7 |      16 |       1 |   5.9
    Slime:3 |   13439 |       0 |   0.0 |      13 |       0 |   0.0
    Slime:4 |    2262 |       0 |   0.0 |       4 |       0 |   0.0
      Orc:1 |    1637 |       0 |   0.0 |      19 |       0 |   0.0
      Orc:2 |    2818 |    7791 |  73.4 |      37 |      56 |  60.2
      Elf:1 |   20929 |    6971 |  25.0 |      34 |      13 |  27.7
      Elf:2 |   19426 |   13387 |  40.8 |      32 |      26 |  44.8
      Elf:3 |   16752 |   32480 |  66.0 |      29 |      26 |  47.3
   Vaults:1 |   25252 |   14762 |  36.9 |      40 |      22 |  35.5
   Vaults:2 |   11792 |   22431 |  65.5 |      18 |      30 |  62.5
   Vaults:3 |   23957 |   41289 |  63.3 |      45 |      59 |  56.7
   Vaults:4 |   22855 |   53625 |  70.1 |      35 |      45 |  56.2
   Vaults:5 |   21031 |   66164 |  75.9 |      33 |      60 |  64.5
    Crypt:1 |   22313 |    7693 |  25.6 |      32 |       2 |   5.9
    Crypt:2 |   30452 |   12404 |  28.9 |      46 |      17 |  27.0
    Crypt:3 |   15872 |   54314 |  77.4 |      25 |      46 |  64.8
   Depths:1 |   42147 |   29631 |  41.3 |      54 |      27 |  33.3
   Depths:2 |   35143 |   23893 |  40.5 |      46 |      24 |  34.3
   Depths:3 |   18231 |    8670 |  32.2 |      22 |      12 |  35.3
   Depths:4 |   21096 |   30704 |  59.3 |      23 |      37 |  61.7
      Zot:1 |   31451 |    2887 |   8.4 |      30 |       1 |   3.2
      Zot:2 |   18273 |   15502 |  45.9 |      16 |      15 |  48.4
      Zot:3 |   41485 |       0 |   0.0 |      32 |       0 |   0.0
      Zot:4 |   27171 |   17486 |  39.2 |      19 |       4 |  17.4
      Zot:5 |   38937 |   89526 |  69.7 |      36 |      44 |  55.0
      IceCv |       0 |   13998 | 100.0 |       0 |      37 | 100.0
    Volcano |       0 |    5116 | 100.0 |       0 |      11 | 100.0
     WizLab |       0 |   13941 | 100.0 |       0 |      23 | 100.0
   Gauntlet |       0 |    4635 | 100.0 |       0 |      14 | 100.0
            +---------+---------+-------+---------+---------+-------

Skill      XL: |  1  2  3  4  5  6  7  8  9 10 11 12 13 14 15 16 17 18 19 20 21 22 23 24 25 |
---------------+----------------------------------------------------------------------------+-----
Fighting       | 1 2 3 4 6 6 8 9 10 12 13 15 16 18 19 20 21 | 21.0
Unarmed Combat | 1 2 3 4 5 7 7 9 11 13 15 16 18 19 20 21 22 23 | 23.0
Shapeshifting  | 1 2 3 5 6 7 9 14 16 17 18 19 | 19.5
Evocations     | 0 |  0.0
Dodging        | 5 6 7 9 12 | 12.0
Throwing       | 5 6 7 10 12 15 | 15.2
Translocations | 1 2 3 5 8 9 10 | 10.0
Transmutations | 3 |  3.0
Shields        | 2 7 8 9 |  9.1
Spellcasting   | 2 4 5 |  5.0
Stealth        | |  0.3

Action                     |  1- 3 |  4- 6 |  7- 9 | 10-12 | 13-15 | 16-18 | 19-21 | 22-24 | 25-27 || total
---------------------------+-------+-------+-------+-------+-------+-------+-------+-------+-------++-------
  Melee: Unarmed           |   112 |   147 |   302 |   704 |  1328 |  1659 |  1354 |  1339 |   249 ||  7194
         Punch             |       |     1 |    11 |    23 |   114 |       |       |       |       ||   149
  Throw: Dart              |       |       |     1 |    11 |     7 |       |       |       |       ||    19
         Boomerang         |       |       |       |    22 |    60 |    45 |    14 |    41 |       ||   182
         Large rock        |       |       |       |     7 |     3 |       |       |    81 |    74 ||   165
         Throwing net      |       |       |       |     3 |     1 |     1 |       |       |       ||     5
         Javelin           |       |       |       |     2 |     7 |     6 |     5 |    11 |       ||    31
   Cast: Wereblood         |       |       |       |       |     1 |       |     1 |     1 |       ||     3
         Blink             |       |       |       |       |     1 |       |       |       |       ||     1
         Manifold Assault  |       |       |       |       |       |       |       |    71 |     9 ||    80
 Invoke: Sacrifice Skill   |       |       |     1 |       |       |       |       |       |       ||     1
         Power Leap        |       |       |       |     1 |     5 |     7 |     3 |     1 |     2 ||    19
         Sacrifice Artific |       |       |       |     1 |       |       |       |       |       ||     1
         Sacrifice Experie |       |       |       |     1 |       |       |       |       |       ||     1
         Apocalypse        |       |       |       |       |     4 |     2 |     5 |     2 |     2 ||    15
         Reject Sacrifices |       |       |       |       |     2 |       |       |       |       ||     2
         Sacrifice Purity  |       |       |       |       |     1 |       |       |       |       ||     1
         Sacrifice Essence |       |       |       |       |       |     1 |       |       |       ||     1
         Sacrifice Love    |       |       |       |       |       |     1 |       |       |       ||     1
         Draw Out Power    |       |       |       |       |       |     1 |       |       |       ||     1
  Evoke: Wand              |       |       |    10 |     9 |       |       |       |       |       ||    19
    Use: Scroll            |       |     7 |     2 |     9 |    19 |     5 |     3 |     3 |     4 ||    52
         Potion            |       |     1 |       |     1 |     6 |     1 |     2 |     1 |     7 ||    19
   Stab: Sleeping          |     1 |       |     1 |       |     9 |    24 |     7 |    13 |       ||    55
         Distracted        |       |       |       |     5 |    10 |    13 |     9 |    13 |     4 ||    54
         Invisible         |       |       |       |     3 |    11 |    12 |    15 |     4 |       ||    45
         Paralysed         |       |       |       |       |     8 |    12 |     6 |     8 |     1 ||    35
 Armour: Robe              |    77 |   106 |   302 |   500 |   794 |   847 |   454 |       |       ||  3080
         Skin              |       |       |       |       |       |       |   258 |  1042 |   180 ||  1480
  Dodge: Dodged            |    71 |    59 |   174 |   304 |   798 |   697 |   493 |   739 |   114 ||  3449
         Repelled          |       |       |       |       |       |       |     7 |    27 |    17 ||    51
  Block: Kite shield       |       |       |       |       |   188 |   821 |   752 |  1264 |   127 ||  3152
         Reflection        |       |       |       |       |       |       |    61 |    22 |    10 ||    93
   Form: Beast             |       |       |     1 |     2 |       |       |       |       |       ||     3
         Flux              |       |       |       |     2 |       |       |       |       |       ||     2
                           |       |       |       |       |     1 |       |       |       |       ||     1
         Statue            |       |       |       |       |       |       |     1 |     1 |       ||     2
         Storm             |       |       |       |       |       |       |       |     1 |       ||     1

Illustrated notes

Table legend:
 A = Kills in this place as a percentage of kills in the entire game.
 B = Kills by you in this place as a percentage of kills by you in the entire game.
 C = Kills by friends in this place as a percentage of kills by friends in the entire game.
 D = Other kills in this place as a percentage of other kills in the entire game.
 E = Experience gained in this place as a percentage of experience gained in the entire game.
 F = Experience gained in this place divided by the number of levels of this place that you have seen.
                   A       B       C       D       E      F
               +-------+-------+-------+-------+-------+----------------------
         Total | 100.0 | 100.0 | 100.0 | 100.0 | 100.0 | 25433.2
       Dungeon |  17.6 |  17.8 | 100.0 |   0.0 |   5.5 | 5398.1
          Lair |   6.2 |   6.2 |   0.0 |   8.8 |   2.9 | 8644.4
        Shoals |   6.7 |   6.6 |   0.0 |  11.8 |   5.3 | 19440.2
     Snake Pit |   9.4 |   9.2 |   0.0 |  20.6 |   7.8 | 28732.2
    Slime Pits |   2.9 |   3.0 |   0.0 |   0.0 |   3.3 | 12064.5
  Orcish Mines |   4.7 |   4.8 |   0.0 |   0.0 |   0.8 | 6123.0
   Elven Halls |   6.7 |   6.7 |   0.0 |   5.9 |   7.5 | 36648.3
        Vaults |  16.2 |  16.2 |   0.0 |  17.6 |  20.6 | 60631.6
         Crypt |   7.0 |   7.1 |   0.0 |   5.9 |   9.7 | 47682.7
        Depths |  10.5 |  10.5 |   0.0 |  11.8 |  14.6 | 53770.5
           Zot |   8.4 |   8.3 |   0.0 |  17.6 |  19.6 | 57763.4
      Ice Cave |   1.5 |   1.6 |   0.0 |   0.0 |   0.9 | 13998.0
       Volcano |   0.5 |   0.5 |   0.0 |   0.0 |   0.3 | 5116.0
        Wizlab |   1.0 |   1.0 |   0.0 |   0.0 |   0.9 | 13941.0
      Gauntlet |   0.6 |   0.6 |   0.0 |   0.0 |   0.3 | 4635.0
               +-------+-------+-------+-------+-------+----------------------

Table legend: (Time is in decaauts)
 A = Elapsed time spent in this place.
 B = Non-inter-level travel time spent in this place.
 C = Inter-level travel time spent in this place.
 D = Time resting spent in this place.
 E = Time spent auto-exploring this place.
 F = Levels seen in this place.
 G = Mean time per level.
                   A        B        C        D        E       F      G
               +--------+--------+--------+--------+--------+-----+--------+
         Total |  65726 |  58625 |   7101 |   8122 |  18918 |  58 | 1133.2 |
       Dungeon |  13619 |  11300 |   2319 |    889 |   5756 |  15 |  907.9 |
          Lair |   4614 |   3601 |   1013 |    456 |    514 |   5 |  922.8 |
        Shoals |   3873 |   3463 |    410 |    584 |    255 |   4 |  968.2 |
     Snake Pit |   5695 |   5407 |    288 |    673 |   1447 |   4 | 1423.8 |
    Slime Pits |   1629 |   1484 |    145 |    192 |    633 |   4 |  407.2 |
  Orcish Mines |   2034 |   1540 |    494 |    161 |    557 |   2 | 1017.0 |
   Elven Halls |   4568 |   4213 |    355 |    811 |   1624 |   3 | 1522.7 |
        Vaults |   8784 |   7908 |    876 |   1409 |   2518 |   5 | 1756.8 |
         Crypt |   3764 |   3570 |    194 |    206 |   1050 |   3 | 1254.7 |
        Depths |   7270 |   6471 |    799 |    728 |   2584 |   4 | 1817.5 |
           Zot |   7498 |   7295 |    203 |   1546 |   1980 |   5 | 1499.6 |
      Ice Cave |    891 |    891 |      0 |    215 |      0 |   1 |  891.0 |
       Volcano |    277 |    277 |      0 |      2 |      0 |   1 |  277.0 |
        Wizlab |    734 |    734 |      0 |    202 |      0 |   1 |  734.0 |
      Gauntlet |    471 |    471 |      0 |     43 |      0 |   1 |  471.0 |
               +--------+--------+--------+--------+--------+-----+--------+

Top non-repeatable levels by time:
Vaults:4: 2412 daAuts
Depths:2: 2254 daAuts
 Snake:3: 2081 daAuts
Depths:4: 2073 daAuts
Depths:1: 1910 daAuts
Vaults:3: 1880 daAuts
   Zot:2: 1773 daAuts
 Snake:4: 1765 daAuts
Vaults:5: 1752 daAuts
 Crypt:3: 1696 daAuts
   Elf:1: 1621 daAuts
   Elf:3: 1573 daAuts
Vaults:1: 1559 daAuts
   Zot:5: 1552 daAuts
   Zot:4: 1517 daAuts
